Workbook

Sheet Instructions
B1: Instructions
B3: Form Tab – Complete highlighted columns only. To clear contents of a cell(s), simply highlight the cell(s), then press delete on the keyboard.
B4: 1. Select the employee’s base/primary school in column A. (This may differ from the school assigning the stipend in some cases.)
B5: 2. Select the employee’s name from the drop-down list in column B. If the employee is not on the list, and the correct primary school is selected, simply type in their name using the following format: Employee ID-Last Name, First Name.
B6: 3. Select the appropriate role from the column C drop-down. Columns H-L will auto-populate with information associated with the role. These columns can be consulted when completing ALCP contracts.
B7: 4. Select the school assigning the stipend in column D.
B8: 5. Enter stipend payment amounts based on the Tired amounts iin column E. In instances where duties of a role may be shared and the stipend divided among multiple staff, the form will allow entries below the stipend minimum; however, it will not allow entries that exceed the maximum below the stipend minimum.
B10: Please note. ALCP payments occur mid- and end of year. Late submissions for roles eligible to receive a midyear payment will result in the recipient receiving full payment at the end of the year.

Sheet Form
A1: Please Download and Save the ALCP Submission Form before filling out your information.
A2: School | B2: Employee Name | C2: Role Assigned | D2: Assigning School | E2: Total ($) | F2: Over Max | G2: RoleID | H2: Role Type | I2: Min | J2: Max | K2: Role Description
F3: =IF(E3<=$J3, E3, _xlfn.CONCAT("$", (E3-$J3)," ","OVER MAX")) -> 0 | G3: =_xlfn.IFNA(VLOOKUP($C3,ListSelections!$AG$1:$AM$78, MATCH(Form!G$2,ListSelections!$AH$1:$AM$1,0)+1,FALSE),"") | H3: =_xlfn.IFNA(VLOOKUP($C3,ListSelections!$AG$1:$AM$78, MATCH(Form!H$2,ListSelections!$AH$1:$AM$1,0)+1,FALSE),"") | I3: =_xlfn.IFNA(VLOOKUP($C3,ListSelections!$AG$1:$AM$78, MATCH(Form!I$2,ListSelections!$AH$1:$AM$1,0)+1,FALSE),"") | J3: =_xlfn.IFNA(VLOOKUP($C3,ListSelections!$AG$1:$AM$78, MATCH(Form!J$2,ListSelections!$AH$1:$AM$1,0)+1,FALSE),"") | K3: =_xlfn.IFNA(VLOOKUP($C3,ListSelections!$AG$1:$AM$78, MATCH(Form!K$2,ListSelections!$AH$1:$AM$1,0)+1,FALSE),"")
F4: =IF(E4<=$J4, E4, _xlfn.CONCAT("$", (E4-$J4)," ","OVER MAX")) -> 0 | G4: =_xlfn.IFNA(VLOOKUP($C4,ListSelections!$AG$1:$AM$78, MATCH(Form!G$2,ListSelections!$AH$1:$AM$1,0)+1,FALSE),"") | H4: =_xlfn.IFNA(VLOOKUP($C4,ListSelections!$AG$1:$AM$78, MATCH(Form!H$2,ListSelections!$AH$1:$AM$1,0)+1,FALSE),"") | I4: =_xlfn.IFNA(VLOOKUP($C4,ListSelections!$AG$1:$AM$78, MATCH(Form!I$2,ListSelections!$AH$1:$AM$1,0)+1,FALSE),"") | J4: =_xlfn.IFNA(VLOOKUP($C4,ListSelections!$AG$1:$AM$78, MATCH(Form!J$2,ListSelections!$AH$1:$AM$1,0)+1,FALSE),"") | K4: =_xlfn.IFNA(VLOOKUP($C4,ListSelections!$AG$1:$AM$78, MATCH(Form!K$2,ListSelections!$AH$1:$AM$1,0)+1,FALSE),"")
F5: =IF(E5<=$J5, E5, _xlfn.CONCAT("$", (E5-$J5)," ","OVER MAX")) -> 0 | G5: =_xlfn.IFNA(VLOOKUP($C5,ListSelections!$AG$1:$AM$78, MATCH(Form!G$2,ListSelections!$AH$1:$AM$1,0)+1,FALSE),"") | H5: =_xlfn.IFNA(VLOOKUP($C5,ListSelections!$AG$1:$AM$78, MATCH(Form!H$2,ListSelections!$AH$1:$AM$1,0)+1,FALSE),"") | I5: =_xlfn.IFNA(VLOOKUP($C5,ListSelections!$AG$1:$AM$78, MATCH(Form!I$2,ListSelections!$AH$1:$AM$1,0)+1,FALSE),"") | J5: =_xlfn.IFNA(VLOOKUP($C5,ListSelections!$AG$1:$AM$78, MATCH(Form!J$2,ListSelections!$AH$1:$AM$1,0)+1,FALSE),"") | K5: =_xlfn.IFNA(VLOOKUP($C5,ListSelections!$AG$1:$AM$78, MATCH(Form!K$2,ListSelections!$AH$1:$AM$1,0)+1,FALSE),"")
F6: =IF(E6<=$J6, E6, _xlfn.CONCAT("$", (E6-$J6)," ","OVER MAX")) -> 0 | G6: =_xlfn.IFNA(VLOOKUP($C6,ListSelections!$AG$1:$AM$78, MATCH(Form!G$2,ListSelections!$AH$1:$AM$1,0)+1,FALSE),"") | H6: =_xlfn.IFNA(VLOOKUP($C6,ListSelections!$AG$1:$AM$78, MATCH(Form!H$2,ListSelections!$AH$1:$AM$1,0)+1,FALSE),"") | I6: =_xlfn.IFNA(VLOOKUP($C6,ListSelections!$AG$1:$AM$78, MATCH(Form!I$2,ListSelections!$AH$1:$AM$1,0)+1,FALSE),"") | J6: =_xlfn.IFNA(VLOOKUP($C6,ListSelections!$AG$1:$AM$78, MATCH(Form!J$2,ListSelections!$AH$1:$AM$1,0)+1,FALSE),"") | K6: =_xlfn.IFNA(VLOOKUP($C6,ListSelections!$AG$1:$AM$78, MATCH(Form!K$2,ListSelections!$AH$1:$AM$1,0)+1,FALSE),"")
F7: =IF(E7<=$J7, E7, _xlfn.CONCAT("$", (E7-$J7)," ","OVER MAX")) -> 0 | G7: =_xlfn.IFNA(VLOOKUP($C7,ListSelections!$AG$1:$AM$78, MATCH(Form!G$2,ListSelections!$AH$1:$AM$1,0)+1,FALSE),"") | H7: =_xlfn.IFNA(VLOOKUP($C7,ListSelections!$AG$1:$AM$78, MATCH(Form!H$2,ListSelections!$AH$1:$AM$1,0)+1,FALSE),"") | I7: =_xlfn.IFNA(VLOOKUP($C7,ListSelections!$AG$1:$AM$78, MATCH(Form!I$2,ListSelections!$AH$1:$AM$1,0)+1,FALSE),"") | J7: =_xlfn.IFNA(VLOOKUP($C7,ListSelections!$AG$1:$AM$78, MATCH(Form!J$2,ListSelections!$AH$1:$AM$1,0)+1,FALSE),"") | K7: =_xlfn.IFNA(VLOOKUP($C7,ListSelections!$AG$1:$AM$78, MATCH(Form!K$2,ListSelections!$AH$1:$AM$1,0)+1,FALSE),"")
F8: =IF(E8<=$J8, E8, _xlfn.CONCAT("$", (E8-$J8)," ","OVER MAX")) -> 0 | G8: =_xlfn.IFNA(VLOOKUP($C8,ListSelections!$AG$1:$AM$78, MATCH(Form!G$2,ListSelections!$AH$1:$AM$1,0)+1,FALSE),"") | H8: =_xlfn.IFNA(VLOOKUP($C8,ListSelections!$AG$1:$AM$78, MATCH(Form!H$2,ListSelections!$AH$1:$AM$1,0)+1,FALSE),"") | I8: =_xlfn.IFNA(VLOOKUP($C8,ListSelections!$AG$1:$AM$78, MATCH(Form!I$2,ListSelections!$AH$1:$AM$1,0)+1,FALSE),"") | J8: =_xlfn.IFNA(VLOOKUP($C8,ListSelections!$AG$1:$AM$78, MATCH(Form!J$2,ListSelections!$AH$1:$AM$1,0)+1,FALSE),"") | K8: =_xlfn.IFNA(VLOOKUP($C8,ListSelections!$AG$1:$AM$78, MATCH(Form!K$2,ListSelections!$AH$1:$AM$1,0)+1,FALSE),"")
F9: =IF(E9<=$J9, E9, _xlfn.CONCAT("$", (E9-$J9)," ","OVER MAX")) -> 0 | G9: =_xlfn.IFNA(VLOOKUP($C9,ListSelections!$AG$1:$AM$78, MATCH(Form!G$2,ListSelections!$AH$1:$AM$1,0)+1,FALSE),"") | H9: =_xlfn.IFNA(VLOOKUP($C9,ListSelections!$AG$1:$AM$78, MATCH(Form!H$2,ListSelections!$AH$1:$AM$1,0)+1,FALSE),"") | I9: =_xlfn.IFNA(VLOOKUP($C9,ListSelections!$AG$1:$AM$78, MATCH(Form!I$2,ListSelections!$AH$1:$AM$1,0)+1,FALSE),"") | J9: =_xlfn.IFNA(VLOOKUP($C9,ListSelections!$AG$1:$AM$78, MATCH(Form!J$2,ListSelections!$AH$1:$AM$1,0)+1,FALSE),"") | K9: =_xlfn.IFNA(VLOOKUP($C9,ListSelections!$AG$1:$AM$78, MATCH(Form!K$2,ListSelections!$AH$1:$AM$1,0)+1,FALSE),"")
F10: =IF(E10<=$J10, E10, _xlfn.CONCAT("$", (E10-$J10)," ","OVER MAX")) -> 0 | G10: =_xlfn.IFNA(VLOOKUP($C10,ListSelections!$AG$1:$AM$78, MATCH(Form!G$2,ListSelections!$AH$1:$AM$1,0)+1,FALSE),"") | H10: =_xlfn.IFNA(VLOOKUP($C10,ListSelections!$AG$1:$AM$78, MATCH(Form!H$2,ListSelections!$AH$1:$AM$1,0)+1,FALSE),"") | I10: =_xlfn.IFNA(VLOOKUP($C10,ListSelections!$AG$1:$AM$78, MATCH(Form!I$2,ListSelections!$AH$1:$AM$1,0)+1,FALSE),"") | J10: =_xlfn.IFNA(VLOOKUP($C10,ListSelections!$AG$1:$AM$78, MATCH(Form!J$2,ListSelections!$AH$1:$AM$1,0)+1,FALSE),"") | K10: =_xlfn.IFNA(VLOOKUP($C10,ListSelections!$AG$1:$AM$78, MATCH(Form!K$2,ListSelections!$AH$1:$AM$1,0)+1,FALSE),"")
F11: =IF(E11<=$J11, E11, _xlfn.CONCAT("$", (E11-$J11)," ","OVER MAX")) -> 0 | G11: =_xlfn.IFNA(VLOOKUP($C11,ListSelections!$AG$1:$AM$78, MATCH(Form!G$2,ListSelections!$AH$1:$AM$1,0)+1,FALSE),"") | H11: =_xlfn.IFNA(VLOOKUP($C11,ListSelections!$AG$1:$AM$78, MATCH(Form!H$2,ListSelections!$AH$1:$AM$1,0)+1,FALSE),"") | I11: =_xlfn.IFNA(VLOOKUP($C11,ListSelections!$AG$1:$AM$78, MATCH(Form!I$2,ListSelections!$AH$1:$AM$1,0)+1,FALSE),"") | J11: =_xlfn.IFNA(VLOOKUP($C11,ListSelections!$AG$1:$AM$78, MATCH(Form!J$2,ListSelections!$AH$1:$AM$1,0)+1,FALSE),"") | K11: =_xlfn.IFNA(VLOOKUP($C11,ListSelections!$AG$1:$AM$78, MATCH(Form!K$2,ListSelections!$AH$1:$AM$1,0)+1,FALSE),"")
F12: =IF(E12<=$J12, E12, _xlfn.CONCAT("$", (E12-$J12)," ","OVER MAX")) -> 0 | G12: =_xlfn.IFNA(VLOOKUP($C12,ListSelections!$AG$1:$AM$78, MATCH(Form!G$2,ListSelections!$AH$1:$AM$1,0)+1,FALSE),"") | H12: =_xlfn.IFNA(VLOOKUP($C12,ListSelections!$AG$1:$AM$78, MATCH(Form!H$2,ListSelections!$AH$1:$AM$1,0)+1,FALSE),"") | I12: =_xlfn.IFNA(VLOOKUP($C12,ListSelections!$AG$1:$AM$78, MATCH(Form!I$2,ListSelections!$AH$1:$AM$1,0)+1,FALSE),"") | J12: =_xlfn.IFNA(VLOOKUP($C12,ListSelections!$AG$1:$AM$78, MATCH(Form!J$2,ListSelections!$AH$1:$AM$1,0)+1,FALSE),"") | K12: =_xlfn.IFNA(VLOOKUP($C12,ListSelections!$AG$1:$AM$78, MATCH(Form!K$2,ListSelections!$AH$1:$AM$1,0)+1,FALSE),"")
F13: =IF(E13<=$J13, E13, _xlfn.CONCAT("$", (E13-$J13)," ","OVER MAX")) -> 0 | G13: =_xlfn.IFNA(VLOOKUP($C13,ListSelections!$AG$1:$AM$78, MATCH(Form!G$2,ListSelections!$AH$1:$AM$1,0)+1,FALSE),"") | H13: =_xlfn.IFNA(VLOOKUP($C13,ListSelections!$AG$1:$AM$78, MATCH(Form!H$2,ListSelections!$AH$1:$AM$1,0)+1,FALSE),"") | I13: =_xlfn.IFNA(VLOOKUP($C13,ListSelections!$AG$1:$AM$78, MATCH(Form!I$2,ListSelections!$AH$1:$AM$1,0)+1,FALSE),"") | J13: =_xlfn.IFNA(VLOOKUP($C13,ListSelections!$AG$1:$AM$78, MATCH(Form!J$2,ListSelections!$AH$1:$AM$1,0)+1,FALSE),"") | K13: =_xlfn.IFNA(VLOOKUP($C13,ListSelections!$AG$1:$AM$78, MATCH(Form!K$2,ListSelections!$AH$1:$AM$1,0)+1,FALSE),"")
F14: =IF(E14<=$J14, E14, _xlfn.CONCAT("$", (E14-$J14)," ","OVER MAX")) -> 0 | G14: =_xlfn.IFNA(VLOOKUP($C14,ListSelections!$AG$1:$AM$78, MATCH(Form!G$2,ListSelections!$AH$1:$AM$1,0)+1,FALSE),"") | H14: =_xlfn.IFNA(VLOOKUP($C14,ListSelections!$AG$1:$AM$78, MATCH(Form!H$2,ListSelections!$AH$1:$AM$1,0)+1,FALSE),"") | I14: =_xlfn.IFNA(VLOOKUP($C14,ListSelections!$AG$1:$AM$78, MATCH(Form!I$2,ListSelections!$AH$1:$AM$1,0)+1,FALSE),"") | J14: =_xlfn.IFNA(VLOOKUP($C14,ListSelections!$AG$1:$AM$78, MATCH(Form!J$2,ListSelections!$AH$1:$AM$1,0)+1,FALSE),"") | K14: =_xlfn.IFNA(VLOOKUP($C14,ListSelections!$AG$1:$AM$78, MATCH(Form!K$2,ListSelections!$AH$1:$AM$1,0)+1,FALSE),"")
... F150: =IF(E150<=$J150, E150, _xlfn.CONCAT("$", (E150-$J150)," ","OVER MAX")) -> 0 | G150: =_xlfn.IFNA(VLOOKUP($C150,ListSelections!$AG$1:$AM$78, MATCH(Form!G$2,ListSelections!$AH$1:$AM$1,0)+1,FALSE),"") | H150: =_xlfn.IFNA(VLOOKUP($C150,ListSelections!$AG$1:$AM$78, MATCH(Form!H$2,ListSelections!$AH$1:$AM$1,0)+1,FALSE),"") | I150: =_xlfn.IFNA(VLOOKUP($C150,ListSelections!$AG$1:$AM$78, MATCH(Form!I$2,ListSelections!$AH$1:$AM$1,0)+1,FALSE),"") | J150: =_xlfn.IFNA(VLOOKUP($C150,ListSelections!$AG$1:$AM$78, MATCH(Form!J$2,ListSelections!$AH$1:$AM$1,0)+1,FALSE),"") | K150: =_xlfn.IFNA(VLOOKUP($C150,ListSelections!$AG$1:$AM$78, MATCH(Form!K$2,ListSelections!$AH$1:$AM$1,0)+1,FALSE),"")
F151: =IF(E151<=$J151, E151, _xlfn.CONCAT("$", (E151-$J151)," ","OVER MAX")) -> 0
F152: =IF(E152<=$J152, E152, _xlfn.CONCAT("$", (E152-$J152)," ","OVER MAX")) -> 0
F153: =IF(E153<=$J153, E153, _xlfn.CONCAT("$", (E153-$J153)," ","OVER MAX")) -> 0
F154: =IF(E154<=$J154, E154, _xlfn.CONCAT("$", (E154-$J154)," ","OVER MAX")) -> 0
F155: =IF(E155<=$J155, E155, _xlfn.CONCAT("$", (E155-$J155)," ","OVER MAX")) -> 0
F156: =IF(E156<=$J156, E156, _xlfn.CONCAT("$", (E156-$J156)," ","OVER MAX")) -> 0
F157: =IF(E157<=$J157, E157, _xlfn.CONCAT("$", (E157-$J157)," ","OVER MAX")) -> 0
F158: =IF(E158<=$J158, E158, _xlfn.CONCAT("$", (E158-$J158)," ","OVER MAX")) -> 0
F159: =IF(E159<=$J159, E159, _xlfn.CONCAT("$", (E159-$J159)," ","OVER MAX")) -> 0
F160: =IF(E160<=$J160, E160, _xlfn.CONCAT("$", (E160-$J160)," ","OVER MAX")) -> 0
F161: =IF(E161<=$J161, E161, _xlfn.CONCAT("$", (E161-$J161)," ","OVER MAX")) -> 0
F162: =IF(E162<=$J162, E162, _xlfn.CONCAT("$", (E162-$J162)," ","OVER MAX")) -> 0
... F886: =IF(E886<=$J886, E886, _xlfn.CONCAT("$", (E886-$J886)," ","OVER MAX")) -> 0

Sheet Contract
A4: Academic Leadership Compensation Program Role Contract
A6: Teacher: | F6: School:
A8: Role: | G8: Stipend Amount:
A9: Role Type: | B9: =_xlfn.IFNA(VLOOKUP($B8,ListSelections!$AG$1:$AM$78, MATCH(Form!H$2,ListSelections!$AH$1:$AM$1,0)+1,FALSE),"")
A11: Role Description:
B12: =_xlfn.IFNA(VLOOKUP($B8,ListSelections!$AG$1:$AM$78, MATCH(Form!K$2,ListSelections!$AH$1:$AM$1,0)+1,FALSE),"")
A17: Role: | G17: Stipend Amount:
A18: Role Type: | B18: =_xlfn.IFNA(VLOOKUP($B17,ListSelections!$AG$1:$AM$78, MATCH(Form!H$2,ListSelections!$AH$1:$AM$1,0)+1,FALSE),"")
A20: Role Description:
A26: Role: | G26: Stipend Amount:
A27: Role Type: | B27: =_xlfn.IFNA(VLOOKUP($B26,ListSelections!$AG$1:$AM$78, MATCH(Form!H$2,ListSelections!$AH$1:$AM$1,0)+1,FALSE),"")
A29: Role Description:
B30: =_xlfn.IFNA(VLOOKUP($B26,ListSelections!$AG$1:$AM$78, MATCH(Form!K$2,ListSelections!$AH$1:$AM$1,0)+1,FALSE),"")
C34: ALCP Role Confirmation
A35: I agree to assume the leadership role(s) listed above effective | J35: .
A38: Teacher Signature Date | F38: Principal Signature Date
C40: End of Term Confirmation
A41: Principal, check one: | C41: oRole Completed | E41: oRole Declined Effective:
A44: Teacher Signature Date | F44: Principal Signature Date

Sheet Budget Summary
A1: Budget Summary by Role Type
A2: Right-click on table and click refresh to update
A3: Role Type
A5: Grand Total

Sheet ListSelections
B1: {=TRANSPOSE(AN3)} -> ACE Academy Lambs Lane | C1: {=TRANSPOSE(AN4)} -> ACE Academy Seminole Place | D1: {=TRANSPOSE(_xlfn._xlws.SORT(_xlfn.UNIQUE(AN5:AN32)))} -> Agnor-Hurt Elementary School | E1: Albemarle High School | F1: Baker-Butler Elementary School | G1: Broadus Wood Elementary School | H1: Brownsville Elementary School | I1: Burley Middle School | J1: Center for Learning & Growth | K1: Community Lab School | L1: Crozet Elementary School | M1: Greer Elementary School | N1: Henley Middle School | O1: Hollymead Elementary School | P1: Ivy Elementary School | Q1: Journey Middle School | R1: Lakeside Middle School | S1: Monticello High School | T1: Mountain View Elem School | U1: Mountain View Primary School | V1: Murray Elementary School | W1: Red Hill Elementary School | X1: Scottsville Elementary School | Y1: Special Education | Z1: Specialized Academic Center | AA1: Stone-Robinson Elem. School | AB1: Stony Point Elementary School | AC1: Walton Middle School | AD1: Western Albemarle High School | AE1: Woodbrook Elementary School | AG1: Role | AH1: RoleID | AI1: Role Type | AJ1: Amount | AK1: Min | AL1: Max | AM1: Role Description | AN1: Assigning School
B3: {=_xlfn._xlws.FILTER(Data!$A$2:$A$1308, Data!$B$2:$B$1308=B1)} -> CY6002064-Jeremy Dove | C3: {=_xlfn._xlws.FILTER(Data!$A$2:$A$1308, Data!$B$2:$B$1308=C1)} -> CY6008767-Candace Taberner | D3: {=_xlfn._xlws.FILTER(Data!$A$2:$A$1308, Data!$B$2:$B$1308=D$1)} -> CY6302546-Abigail Cresawn | E3: {=_xlfn._xlws.FILTER(Data!$A$2:$A$1308, Data!$B$2:$B$1308=E$1)} -> CY6013127-Abigail Sprague | F3: {=_xlfn._xlws.FILTER(Data!$A$2:$A$1308, Data!$B$2:$B$1308=F$1)} -> CY6000431-Adam Mohr | G3: {=_xlfn._xlws.FILTER(Data!$A$2:$A$1308, Data!$B$2:$B$1308=G$1)} -> CY6301183-Adriana Wells | H3: {=_xlfn._xlws.FILTER(Data!$A$2:$A$1308, Data!$B$2:$B$1308=H$1)} -> CY6008699-Alyson Ingram | I3: {=_xlfn._xlws.FILTER(Data!$A$2:$A$1308, Data!$B$2:$B$1308=I$1)} -> CY6006298-Adam Smith | J3: {=_xlfn._xlws.FILTER(Data!$A$2:$A$1308, Data!$B$2:$B$1308=J$1)} -> CY6009717-Erin English | K3: {=_xlfn._xlws.FILTER(Data!$A$2:$A$1308, Data!$B$2:$B$1308=K$1)} -> CY6013663-Acadia Nunes | ... AD3: {=_xlfn._xlws.FILTER(Data!$A$2:$A$1308, Data!$B$2:$B$1308=AD$1)} -> CY6011192-Abigail Smith | AE3: {=_xlfn._xlws.FILTER(Data!$A$2:$A$1368, Data!$B$2:$B$1368=AE$1)} -> CY6008336-Alexandra Clark | AG3: 504 Coordinator | AH3: 60 | AI3: Site-based | AJ3: 556.66 | AK3: 556.66 | AL3: 556.66 | AM3: The 504 Coordinator writes and implements 504 plans for identified students. | AN3: ACE Academy Lambs Lane
B4: CY6002342-John Bunin | C4: CY6013870-Heather Corpora | D4: CY6002067-Allyson Henschel | E4: CY6300591-Adriana Arroyo | F4: CY6300426-Alaine Ferralli | G4: CY6007110-Allison Mundie | H4: CY6005273-Amanda Martin | I4: CY6011196-Ainsley Davis | J4: CY6006049-Jennifer Middlesworth | K4: CY6006624-Adrian Lorenzoni | L4: CY6007589-Alexandria Lancaster | M4: CY6301122-Alexandra Petras | N4: CY6011456-Alex Waleski | O4: CY6013633-Angel McGhee | P4: CY6014024-Amanda Sherriff | Q4: CY6014643-Amanda Alger | R4: CY6301080-Anna Hill | S4: CY6003146-Adam Southall | T4: CY6013057-Andrea Perez | U4: CY6008388-Fife, Kathryn (Katie) | V4: CY6011159-Allison Harshaw | W4: CY6004223-Amy Waddell | X4: CY6004434-Bethany Taylor | Y4: CY6004976-Ann Marie Petras-Lancaster | Z4: CY6009649-Diane Gibbs | AA4: CY6013230-Allison Lange | AB4: CY6303979-Audie Soucie | AC4: CY6013107-Alicia Strickler | AD4: CY6011522-Alicia Salinas | AE4: CY6014333-Alexis Gillies | AG4: Advanced Placement (A.P.) Testing Coordinator | AH4: 65 | AI4: Site-based | AJ4: 834.98 | AK4: 834.98 | AL4: 834.98 | AM4: The AP Testing Coordinator oversees all activities associated with Advanced Placement testing. | AN4: ACE Academy Seminole Place
B5: CY6006275-Emily Holmstrom | C5: CY6302532-Ian Berry | D5: CY6300019-Amanda Brookman | E5: CY6009668-Adrienne Oliver | F5: CY6303856-Alexis Diaz | G5: CY6000290-Andrea Walkup | H5: CY6301255-Amanda McCray | I5: CY6009667-Alyssa Hamlett | J5: CY6007545-Milissa Weathers | K5: CY6000442-Brian Kayser | L5: CY6014063-Allison Norotsky | M5: CY6002366-Alison Soubra | N5: CY6301327-Allegra Matula | O5: CY6002917-Anna Snyder | P5: CY6000993-Anne Straume | Q5: CY6304034-Amanda Gingue | R5: CY6009879-Anne Bear | S5: CY6013610-Adrian Martinez | T5: CY6013026-Arianna Barkhordari | U5: CY6014850-Guyton, Lina | V5: CY6303908-Allison Telgenhoff | W5: CY6012244-Arilana Zlotnick | X5: CY6005518-Carol Lundgren | Y5: CY6014953-Ashley Yost | Z5: CY6000702-Emily Tomko | AA5: CY6014950-Amanda Friedberg | AB5: CY6009736-Charli Nolan | AC5: CY6012445-Amanda Martin | AD5: CY6302704-Alsha Brown | AE5: CY6302687-Amanda Fields | AG5: Art Exhibition Coordinator | AH5: 68 | AI5: Site-based | AJ5: 556.66 | AK5: 556.66 | AL5: 556.66 | AM5: The Art Exhibition Coordinator assists with both school and county-wide exhibits of student artwork. | AN5: Agnor-Hurt Elementary School
B6: CY6007835-Lanika Barnes | C6: CY6013947-Jacob Sills | D6: CY6001591-Ann Lindsay | E6: CY6302994-Alexander Feasley | F6: CY6004311-Amber Wilson | G6: CY6006564-Ashlee Emert | H6: CY6011497-Amy Hepler | I6: CY6002761-Angela Williams | J6: CY6303646-Natanel Magid | K6: CY6003418-Catherine Glover | L6: CY6012354-Amy Howell | M6: CY6302921-Allison Eisert | N6: CY6010545-Amber Schwalm | O6: CY6009418-Asma Rekik | P6: CY6009699-Ashley Kovach | Q6: CY6006685-Amanda Vogel | R6: CY6004538-Barbara Rainey | S6: CY6007104-Andrea Rowanhill | T6: CY6302618-Benjamin Ward | U6: CY6014895-Hartman, Janice | V6: CY6302568-Anne Kirkland | W6: CY6000175-Beth Kavounas | X6: CY6002774-Cherie Morris | Y6: CY6001365-Brant Pankau | Z6: CY6007720-Judith Crosby | AA6: CY6001329-Analisa Herring | AB6: CY6002428-Christian Ewers | AC6: CY6003348-Beverly Ingram | AD6: CY6013078-Amanda Blevins | AE6: CY6011762-Amy Lee | AG6: Band Director - Additional Responsibilities: Competitions & Exhibitions | AH6: 72 | AI6: Site-based | AJ6: 1113.31 | AK6: 1113.31 | AL6: 1113.31 | AM6: The band/orchestra director organizes and directs instrumental music activities, which are an outgrowth of the school music program. | AN6: Albemarle High School
B7: CY6008641-Brandi Stauffer | C7: CY6302828-John Lyon | D7: CY6001114-April Barefoot | E7: CY6013787-Allison Ramirez | F7: CY6301115-Anna Hukill | G7: CY6006766-Brittany Ham | H7: CY6012437-Andrew Croll | I7: CY6008853-Ashley Sipe | K7: CY6005375-Don Barnes | L7: CY6013531-Amy James | M7: CY6013923-Allison Stokely | N7: CY6000988-Amy Effland | O7: CY6002306-Beth Kohler | P7: CY6005157-Bonnie Carey | Q7: CY6000661-Andrew Jacobs | R7: CY6009981-Betsy Noble | S7: CY6011841-Andrew Carey | T7: CY6000247-Carrie Oertel | U7: CY6300059-Kehr, Laura | V7: CY6301413-Calder McLellan | W7: CY6011189-Brittany Kaufman | X7: CY6000997-Christina Panella | Y7: CY6001355-Cherri Hartzog | Z7: CY6010478-Karen Fink | AA7: CY6001726-Angela Paige Foreman | AB7: CY6304152-Eliza Bell | AC7: CY6010208-Brittany Herndon | AD7: CY6006252-Andrew Cocke | AE7: CY6002263-Angela Stokes | AG7: Band Director - Marching Band / Band Competitions & Exhibitions | AH7: 73 | AI7: Site-based | AJ7: 1391.64 | AK7: 1391.64 | AL7: 1391.64 | AM7: The band/orchestra director organizes and directs instrumental music activities, which are an outgrowth of the school music program. | AN7: Baker-Butler Elementary School
B8: CY6011632-Sean Meslar | C8: CY6012559-Joshua Mound | D8: CY6012406-Ashleigh Jenkins | E8: CY6304088-Amelia Craft | F8: CY6012383-Ashlyn Davidson | G8: CY6014913-Dimitra Aumiller | H8: CY6010567-Angela Rutherford | I8: CY6304236-Brandon Shields | K8: CY6002420-Dustin West | L8: CY6015144-Anna Langdon | M8: CY6301152-Andrea Clements | N8: CY6010096-Andrew West | O8: CY6302011-Casey Alexander | P8: CY6012431-Brianna Lavery | Q8: CY6010662-Ann Clark | R8: CY6002489-Carlee Shiflett | S8: CY6006291-April Wilkerson | T8: CY6012352-Charlotte Geddy | U8: CY6000953-Kozella, Kim | V8: CY6014673-Camryn Dodson | W8: CY6005174-Christopher Marshall | X8: CY6002332-Christyne Fayard | Y8: CY6009605-Christina Wallace | Z8: CY6303909-LaRhonda Rivers | AA8: CY6008207-Ashley Johnson | AB8: CY6001715-Elizabeth Seawell | AC8: CY6005126-Christina Kraft | AD8: CY6013102-Andrew Davis | AE8: CY6302820-April Shinsky | AG8: Band Director - Spring Play (Musical) | AH8: 74 | AI8: Site-based | AJ8: 1391.64 | AK8: 1391.64 | AL8: 1391.64 | AM8: The band/orchestra director organizes and directs instrumental music activities, which are an outgrowth of the school music program. | AN8: Broadus Wood Elementary School
B9: CY6012195-James Barlow | C9: CY6303997-Savana Bell | D9: CY6001234-Ashley Purviance | E9: CY6002921-Andrew Maynard | F9: CY6005254-Candence Mitchell | G9: CY6005002-Donald Nicholson | H9: CY6300011-Carrie Pinson | I9: CY6301178-Brigette Sears | K9: CY6014756-Elizabeth Stallings | L9: CY6000479-Anne James | M9: CY6303904-Ann Tiahrt | N9: CY6301387-Anne Benjamin | O9: CY6014055-Casey Celeste | P9: CY6303910-Carrick Sweeney | Q9: CY6012114-Armi Patricia Joseph | R9: CY6301085-Casi Steph | S9: CY6003567-Ashley Roberts | T9: CY6303863-Chelsea Herring | U9: CY6012420-Lewandowski, Monica | V9: CY6004920-Cindy Payne | W9: CY6006140-Courtney Winter | X9: CY6014525-Collette Bahn | Y9: CY6010392-Christy Frankfurth | Z9: CY6013577-Lauren Carroll | AA9: CY6010499-Briana Klimenko | AB9: CY6008683-Emily Ann Fleming | AC9: CY6014934-Daisavonte Pascall | AD9: CY6005900-Anna Green | AE9: CY6301144-Benjamin Krasner | AG9: Band Director - Summer Band | AH9: 75 | AI9: Site-based | AJ9: 834.98 | AK9: 834.98 | AL9: 834.98 | AM9: The band/orchestra director organizes and directs instrumental music activities, which are an outgrowth of the school music program. | AN9: Brownsville Elementary School
B10: CY6012451-Anne Dawson | C10: CY6013133-Stephen Stalker | D10: CY6302036-Audrey Antesberger | E10: CY6301271-Angela Stark | F10: CY6302028-Chelsea Otterholt | G10: CY6001529-Eleni Heeschen | H10: CY6009127-Celeste Ploumis | I10: CY6014089-Carrie Domenic | K10: CY6003932-Ida Craddock | L10: CY6004305-Anne Walter | M10: CY6014848-Ashley Christensen | N10: CY6009705-Brian Eberly | O10: CY6302166-Christopher Guyton | P10: CY6011198-Catherine Nicol | Q10: CY6009865-Ashlee Thompson | R10: CY6301309-Catherine Summers | S10: CY6002324-Barry Keith | T10: CY6003965-Chelsey Lundgren | U10: CY6303432-Mendez Solano, Karina | V10: CY6001941-Cristiana Waterbury | W10: CY6013857-Elisheba Cornelius | X10: CY6006603-Heather Morrison | Y10: CY6013903-Claire Manderfield | Z10: CY6303755-Liza-Marie Griebenauw | AA10: CY6303854-Brooke Burgess | AB10: CY6007080-Jane Engel | AC10: CY6005935-Danielle Kauffman | AD10: CY6009706-Antonio Diaz Toledo | AE10: CY6012472-Byron Massie | AG10: Chemical Hygiene Officer | AH10: 111 | AI10: Divisional | AJ10: 3000 | AK10: 3000 | AL10: 3000 | AM10: The Chemical Hygiene Officer has the duty and responsibility of monitoring the Chemical Hygiene Plan at their school. This position and stipend amount are State-mandated. | AN10: Burley Middle School
B11: CY6013003-Melissa Thackston | C11: CY6301291-Taylor Travis | D11: CY6300017-Barbara Carswell | E11: CY6006355-Angelina Heaps | F11: CY6013130-Cheryl Drew | G11: CY6301882-Elizabeth Michael | H11: CY6001662-Courtney Wood | I11: CY6012194-Chelsea Sachno | K11: CY6013105-Jessie Onuf | L11: CY6013274-Ashley Miller | M11: CY6008247-Ashley Hoffar | N11: CY6000765-Brian Kelly | O11: CY6001111-Claire Neill | P11: CY6001008-Dena LaFleur | Q11: CY6008458-Ashley Key | R11: CY6301079-Christine Dunne | S11: CY6007582-Bernice Brythorne | T11: CY6012506-Clayton Hansen | U11: CY6302541-Montes de Oca Albis, Clarena | V11: CY6009895-Dennis Weston | W11: CY6011476-Elizabeth Drake | X11: CY6002712-Kimberly Passerell | Y11: CY6013855-Colleen Mitchem | Z11: CY6010256-Sara Hawn | AA11: CY6301400-Caren Abel-Jahnke | AB11: CY6000776-Julia Trammell McGill | AC11: CY6002018-Douglas Bloor | AD11: CY6301338-Barbara Wyatt | AE11: CY6014361-Caroline Peterson | AG11: Choral Director | AH11: 81 | AI11: Site-based | AJ11: 1113.31 | AK11: 1113.31 | AL11: 1113.31 | AM11: The Choral Director organizes, plans, and directs choral music activities. | AN11: Center for Learning & Growth
B12: CY6013126-Stephan Currence | C12: CY6008602-Timothy Peck | D12: CY6303536-Bernardo Broussard | E12: CY6302689-Anna Pavlicek | F12: CY6009655-Christianna Schork | G12: CY6002013-Elizabeth Nicholson | H12: CY6005588-Darci Palmer | I12: CY6011379-Cheryl Edgerton | K12: CY6000944-John Baran | L12: CY6008534-Ashley Packard | M12: CY6013400-Asiah Williams | N12: CY6005038-Carol Rocket | O12: CY6005054-Cynthia Fard | P12: CY6013237-Gracie Chandler | Q12: CY6010970-Benjamin Lutz | R12: CY6007781-Christopher Cantone | S12: CY6013872-Betsy Ulrope | T12: CY6011418-Danielle Paxton | U12: CY6004665-Morgan, Sarah | V12: CY6000773-Donald Healy | W12: CY6006337-Holly Shiflett | X12: CY6004910-Kristie Obrecht | Y12: CY6007944-Elaine Hagan | Z12: CY6302748-Shannon Berry | AA12: CY6302121-Casey Ryan | AB12: CY6302569-Karen Minor | AC12: CY6005708-Dwayne Lacy | AD12: CY6007879-Brian Ball | AE12: CY6004625-Carrie Goforth | AG12: Choral Director-Spring Play (Musical) | AH12: 82 | AI12: Site-based | AJ12: 1391.64 | AK12: 1391.64 | AL12: 1391.64 | AM12: The Choral Director organizes, plans, and directs choral music activities. | AN12: Community Lab School
B13: CY6014073-Marcey Patton | C13: CY6303735-Wendy Hudspeth | D13: CY6301239-Bethany Anderson | E13: CY6302905-Anna Yankoski | F13: CY6011577-Crystal Soucy | G13: CY6009828-Elizabeth Strauss | H13: CY6001238-Erica McLaughlin | I13: CY6009748-Christopher Siebert | K13: CY6004875-John Worozbyt | L13: CY6013166-Ashley Smith | M13: CY6008249-Beth Flesher | N13: CY6003994-Catherine Lowe | O13: CY6007640-Cynthia Hersman | P13: CY6008079-Jayme Rowland | Q13: CY6008240-Brennan Trick | R13: CY6300846-Claire Chandler | S13: CY6001244-Beverley McCaskill | T13: CY6013288-Doris Simpson | U13: CY6303880-Opazo Correa, Carolina | V13: CY6000185-Ellen Patterson | W13: CY6003878-Jennifer Hilker | X13: CY6014312-Kristin Bumbaugh | Y13: CY6303450-Elizabeth Botz | Z13: CY6304431-Suzanne Abrams | AA13: CY6008933-Dedra Bogden | AB13: CY6010619-Kathleen Anish | AC13: CY6009760-Edward Christ | AD13: CY6012408-Brooke Pearson | AE13: CY6013117-Christina Wolfe | AG13: Class Sponsor | AH13: 83 | AI13: Site-based | AJ13: 556.66 | AK13: 556.66 | AL13: 556.66 | AM13: The high school class sponsor oversees all activities associated with class elections and class-sponsored events. | AN13: Crozet Elementary School
B14: CY6303850-Joella Matheny | D14: CY6302622-Bianca DeVita | E14: CY6304258-April Moon | F14: CY6013919-Danielle Green | G14: CY6001284-Erin Cooney | H14: CY6002382-Gay Baker | I14: CY6007469-Cory Yeago | K14: CY6013770-Jonathan Bryant | L14: CY6005575-Atlanta Hutchins | M14: CY6013827-Briana Gralia | N14: CY6301390-Christian Hansen | O14: CY6303031-Elise Mozeleski | P14: CY6002870-Joseph Hicks | Q14: CY6014678-Carol Avery | R14: CY6005428-David Glover | S14: CY6013972-Breanne Lundgren | T14: CY6013951-Elisabeth Fillinger | U14: CY6014958-Orck, Susan | V14: CY6004129-Emilie Pastorfield | W14: CY6302540-Jenniffer Moon | X14: CY6008115-Laura Emery | Y14: CY6004340-Elizabeth Tyson | AA14: CY6008046-Denise Bachman | AB14: CY6301329-Katie Cooper | AC14: CY6013875-Elizabeth Garrison | AD14: CY6004291-Caitlin Pitts | AE14: CY6007160-Dabney Ferguson | AG14: Class Sponsor-Junior class specific (unless paid through separate stipend) | AH14: 84 | AI14: Site-based | AJ14: 1113.31 | AK14: 1113.31 | AL14: 1113.31 | AM14: The high school class sponsor oversees all activities associated with class elections and class-sponsored events. Oversees all planning and scheduling associated with the annual prom. | AN14: Greer Elementary School
B15: CY6014596-Donald Hamlette | D15: CY6301439-Bradley Ferrer | E15: CY6007254-Ari Elgort | F15: CY6010580-Deanna Leach | G15: CY6002347-Irene Krone | H15: CY6301157-Heather Clinedinst | I15: CY6007923-Crystal Randall | K15: CY6001335-Julia Stavitski | L15: CY6000354-Barbara Huneycutt | M15: CY6014907-Brittany Lyons | N15: CY6009921-Clifton Evancho | O15: CY6007315-Elizabeth Player | P15: CY6301214-Kali Pyle | Q15: CY6300473-Carrie Beale | R15: CY6302608-Devon Arbogast | S15: CY6012479-Britta Rowe | T15: CY6014118-Elizabeth Payne | U15: CY6014998-Prullage, Ann | V15: CY6303865-Heather Hoag | W15: CY6012760-Kelsey deSibour | X15: CY6014017-Lindsay Martin | Y15: CY6303199-Emily McMillion | AA15: CY6007490-Donald Landis | AB15: CY6005252-Kendra Meiklejohn | AC15: CY6013779-Eric Painter | AD15: CY6000864-Carol Stutzman | AE15: CY6300726-Dana Griffin | AG15: Class Sponsor-Senior class specific (unless paid through separate stipend) | AH15: 85 | AI15: Site-based | AJ15: 1391.64 | AK15: 1391.64 | AL15: 1391.64 | AM15: The high school class sponsor oversees all activities associated with class elections and class-sponsored events. Oversees all planning and scheduling associated with graduation and the senior class trip. | AN15: Henley Middle School
B16: CY6014892-Brooke Hartsell | D16: CY6005012-Brandi Orshoski | E16: CY6014239-Asia Haque | F16: CY6002236-Deborah Stollings | G16: CY6015167-Jenna Reilly | H16: CY6010529-Hope Aghaebrahim | I16: CY6008256-David Tosto | K16: CY6001759-Kristen Wilson | L16: CY6000692-Brandy Garbaccio | M16: CY6008681-Catherine McLaughlin | N16: CY6002385-Clifton Wright | O16: CY6014111-Elizabeth Rapp | P16: CY6006117-Katharine Carpenter | Q16: CY6002432-Carrie Carter | R16: CY6012646-Emily Spears | S16: CY6013139-Brittany Gentry | T16: CY6000117-Jeffrey Handler | U16: CY6302538-Rivas Salazar, Ricardo | V16: CY6001667-Heather Pullen | W16: CY6302920-Kimberly Leathers | X16: CY6301953-Malia Messer | Y16: CY6014988-Emily Porto | AA16: CY6011311-Elizabeth Bunin | AB16: CY6009650-Keren Heckathorn | AC16: CY6000451-Heather Kepple | AD16: CY6007630-Carolyn Mayer-Evans | AE16: CY6010455-Debra Meadows | AG16: Club Coordinator | AH16: 86 | AI16: Site-based | AJ16: 834.98 | AK16: 834.98 | AL16: 834.98 | AM16: The Club Coordinator works with all club sponsors to coordinate schedules and activities. | AN16: Hollymead Elementary School
B17: CY6014981-Lauren Taylor | D17: CY6014929-Briana Boland | E17: CY6004676-Brandon Isaiah | F17: CY6000275-Debra Zehnter | G17: CY6301212-Josephine Bass | H17: CY6001388-James Beeler | I17: CY6010724-Doreen Brindise | K17: CY6000287-Lars Holmstrom | L17: CY6300383-Caitlin Catterton | M17: CY6300428-Catherine Noel | N17: CY6003145-Dana Snead | O17: CY6301117-Emily Lawson | P17: CY6008457-Kathryn DeAtley | Q17: CY6004354-Carrie Finnegan | R17: CY6006672-Erica Hernandez | S17: CY6013142-Cameron Koehler | T17: CY6302093-Jennifer Mantooth | U17: CY6006797-Sanders, Gloria | V17: CY6012477-Holly Jobe | W17: CY6304064-Lauryn Hahne | X17: CY6012360-Matthew Bahn | Y17: CY6011126-Emily Shepherd | AA17: CY6003492-Elizabeth Shifflett | AB17: CY6300963-Keri Chavers | AC17: CY6303843-Hilary Harrison | AD17: CY6003570-Cassidy Girvin | AE17: CY6001642-Elaine Hendrick | AG17: Club Sponsor | AH17: 87 | AI17: Site-based | AJ17: 556.66 | AK17: 556.66 | AL17: 556.66 | AM17: A Club Sponsor oversees and coordinates all activities associated with a particular club. | AN17: Journey Middle School
B18: CY6301527-Elizabeth Gehle | D18: CY6002104-Brittany Mullinex | E18: CY6301827-Briana White | F18: CY6011384-Elizabeth Clay | G18: CY6006017-Katherine Gerry | H18: CY6009785-Jayme Armistead Pallante | I18: CY6005574-Douglas Mullinex | K18: CY6013190-Laurel Slatoff | L18: CY6004635-Caitlin Poole | M18: CY6011408-Chelsea Castro Fitzgerald | N18: CY6000285-Darcy Vale | O18: CY6000278-James Loffredo | P18: CY6005825-Leigh Kuhn | Q18: CY6003551-Carrie Smith | R18: CY6014051-Gabrielle Scauso | S18: CY6010652-Carter Ritchie | T18: CY6013156-Jessica Ream | U18: CY6005153-Smith, Walter | V18: CY6012921-Jeffrey Vorberger | W18: CY6007083-Margaret Page | X18: CY6007645-Michelle Valentino | Y18: CY6007112-Emily Wampler | AA18: CY6000891-Holly Goforth | AB18: CY6011281-Lillian Gaertner | AC18: CY6301077-Jennifer Croll | AD18: CY6014890-Christopher Asquith | AE18: CY6013376-Elizabeth Duprey | AG18: Club Sponsor-Key Club Specific | AH18: 88 | AI18: Site-based | AJ18: 1113.31 | AK18: 1113.31 | AL18: 1113.31 | AM18: Oversees and coordinates all activities associated with Key Club. | AN18: Lakeside Middle School
B19: CY6301540-Amanda Davis | D19: CY6003214-Christina Lopez | E19: CY6013164-Brianne Kingery | F19: CY6012269-Emily Stern | G19: CY6014909-Kirsten Logan | H19: CY6010713-Jenifer Moore | I19: CY6300603-Hannah Forehand | K19: CY6001918-Lisa Haney | L19: CY6003875-Candace Farrar | M19: CY6009839-Christina Flamm | N19: CY6303340-Deion Nabors | O19: CY6303962-Jo Amburn | P19: CY6007005-Linda Montoya | Q19: CY6302663-Chelsea Park | R19: CY6007063-Gina Winfield | S19: CY6010453-Casandra Baber | T19: CY6011928-Katharine Rooney | U19: CY6007122-Stoddart, Lori (Lori Ann) | V19: CY6014804-Jodie Chambers | W19: CY6301111-Mary Burton | X19: CY6302545-Nischala Hendricks | Y19: CY6302542-Erin Lewicki | AA19: CY6013515-Jennifer Lunsford | AB19: CY6001237-Lisa Frazier | AC19: CY6002402-Jennifer Drumheller | AD19: CY6011241-Clayton Grimes | AE19: CY6304023-Elizabeth Nutter | AG19: Content Advisory Team (CAT) | AH19: 58 | AI19: Divisional | AJ19: 556.66 | AK19: 556.66 | AL19: 556.66 | AM19: Content Advisory Team members will collaborate to better accomplish division-wide goals for each respective content area and to encourage cross-curricular integration. | AN19: Ivy Elementary School
B20: CY6302106-Whitley Sadacca | D20: CY6303855-Dana Carrico | E20: CY6300299-Brittany Lichter | F20: CY6001387-Erin Owney | G20: CY6000159-Megan August | H20: CY6302172-Jennifer Burke | I20: CY6007578-Hannah Huggins | K20: CY6014299-Mary Jo Hollis | L20: CY6012388-Chiaka Hofmann | M20: CY6008742-Claire LaPlante | N20: CY6007153-Eliese Zawacki | O20: CY6005633-John Carroll | P20: CY6008156-Lindsey Woodard | Q20: CY6302829-Christina Fitzgerald | R20: CY6002842-Heather Lindsay | S20: CY6013645-Cesar Garcia | T20: CY6012425-Katherine Morgans | U20: CY6004141-Lee, Kelly | V20: CY6000926-Laura Richardson | W20: CY6006251-Matthew Ewen | X20: CY6004940-Patricia Grant | Y20: CY6302964-Heather Krantz | AA20: CY6007549-Jordan Black | AB20: CY6003378-Lynn Leathers | AC20: CY6003204-Jennifer Graham | AD20: CY6301215-Colin Davis | AE20: CY6301452-Elyse Smith | AG20: Content Advisory Team (CAT)- Only Elementary ENGLISH/MATH | AH20: 118 | AI20: Divisional | AJ20: 1113.31 | AK20: 1113.31 | AL20: 1113.31 | AM20: Math and ELA Content Advisory Team (CAT) members collaborate to support division-wide instructional goals in mathematics and English Language Arts. | AN20: Monticello High School
B21: CY6303051-Karl Helmstetter | D21: CY6009646-Emily Bell | E21: CY6006891-Brittany McElheny | F21: CY6008523-Gabriel Gomez | G21: CY6011952-Michelle Baumann | H21: CY6004579-Jennifer Crescimanno | I21: CY6013771-Jean Hughes | K21: CY6005669-Rachael Clarke | L21: CY6302838-Crystal Douglas | M21: CY6015151-Claire Lundberg | N21: CY6004230-Elizabeth Sweatman | O21: CY6003221-Jonathan Whitehead | P21: CY6303878-Madeline Meadows | Q21: CY6301086-Christina Welch | R21: CY6000902-Jeffrey Criscione | S21: CY6302073-Charlene Schroeder | T21: CY6014952-Kathryn Allen | U21: CY6013152-Canine, Marcie | V21: CY6004883-Leslie Sullivan | W21: CY6301351-Presley Rona | X21: CY6002796-Rachel McLaughlin | Y21: CY6010495-Heather Russell | AA21: CY6008236-Joseph Giordano | AB21: CY6012151-Meredith Uzzell | AC21: CY6009672-Jennifer Peart | AD21: CY6014457-Conner Peters | AE21: CY6015188-Emily Potter | AG21: Content Area Support | AH21: 90 | AI21: Site-based | AJ21: 556.66 | AK21: 556.66 | AL21: 556.66 | AM21: This position provides building-level support for special programs in the content areas. | AN21: Mountain View Elem School
B22: CY6303847-Dalton Knight | D22: CY6003240-Emlen Laird | E22: CY6015045-Brooke Baker | F22: CY6015194-Ghania Khawaja | G22: CY6014838-Molly Flor | H22: CY6005218-Jennifer McCartney | I22: CY6005468-Jeffrey Kruger | K22: CY6013786-Rebecca Hostetter | L22: CY6013234-Daniel Bowman | M22: CY6005530-Colette Blount | N22: CY6011922-Elizabeth Vaughn-Childs | O22: CY6005986-Jordan Grande | P22: CY6000769-Margaret Franco | Q22: CY6303844-Claire Buisseret | R22: CY6004946-Jeffrey Matriccino | S22: CY6003386-Charlotte Wood | T22: CY6014282-Kayley Norford | U22: CY6012419-Rodriguez-Diaz, Yvette Marie (Yvette) | V22: CY6303868-Margaret Kreger | W22: CY6013118-Sarah Rodgers | X22: CY6003596-Reva Allen | Y22: CY6302660-Heather Standish | AA22: CY6303696-Julia Rabius | AB22: CY6304559-Rita Maddux | AC22: CY6300932-Jose Pineda | AD22: CY6006215-Darren Ralston | AE22: CY6303929-Emma Bidic | AG22: Crisis Team Coordinator | AH22: 91 | AI22: Site-based | AJ22: 556.66 | AK22: 556.66 | AL22: 556.66 | AM22: The Crisis Team Coordinator organizes the planning and implementation of crisis team procedures. | AN22: Mountain View Primary School
B23: CY6303915-Emma Hale | D23: CY6300028-Gabriel Rivard | E23: CY6001032-Buffie Holley | F23: CY6304135-Gregory Smith | G23: CY6301110-Olivia Bryan | H23: CY6013202-Jody London | I23: CY6002494-Julia Weed | K23: CY6014702-Rebecca Martinez Avila | L23: CY6012517-Faris Donnelly | M23: CY6004234-David Leckrone | N23: CY6010458-Eric Struzik | O23: CY6000196-Lisa King | P23: CY6011436-Melody Cann | Q23: CY6000989-Deanine Lilley | R23: CY6011467-Jennifer Berkebile | S23: CY6008632-Christina Pearman | T23: CY6303858-Kelsey Fernandez | U23: CY6007855-Bugg-Temples, Amy | V23: CY6009085-Melinda St. Ours | X23: CY6007560-Timothy Decker | Y23: CY6000658-Jane Addison | AA23: CY6003388-Karen Huffman | AB23: CY6004628-Shelby White-Shackelford | AC23: CY6006292-Kathryn Durkee | AD23: CY6009660-Dawn Tinder | AE23: CY6013833-Erin Rees | AG23: Department Chair | AH23: 48 | AI23: Divisional | AJ23: 1391.64 | AK23: 1113.31 | AL23: 1391.64 | AM23: [COMP HS: $1,391.64 (English, Math, Science, Social Studies) or $1,113.31 (Health/PE, Visual/Perf. Arts, Practical Arts, Multilingual, Media)] Serves as the school-based instructional leader in the content/program area concerning issues related to curriculum, instruction, and assessment. | AN23: Murray Elementary School
B24: CY6304069-Lillian Bentley | D24: CY6304460-Guan Song | E24: CY6000145-Caroline Chang | F24: CY6002008-Heather Franklin | G24: CY6014420-Olivia Stow | H24: CY6004315-Jonathan Faulconer | I24: CY6013352-Kalen Brewley | K24: CY6010523-Tal Thompson | L24: CY6014110-Gary Grassi | M24: CY6003704-Debrah Shelor | N24: CY6001533-Eric Strzepek | O24: CY6003318-Lucille Gentry | P24: CY6014034-Michael Weis | Q24: CY6009567-Dontae Woodfolk | R24: CY6005929-Jenny Kwon | S24: CY6012386-Christine Beglis | T24: CY6005293-Kimberly Wilson | U24: CY6010035-Sawyer, Yleana | V24: CY6001848-Sara Haas | X24: CY6013232-Tucker Gamble | Y24: CY6014849-Janelle Starck | AA24: CY6002090-Kelly Oehler | AB24: CY6005340-Tara Pyle | AC24: CY6304426-Madison Bair | AD24: CY6008492-Dorothy Akers-Pecht | AE24: CY6301412-Gilline Schaefer Friedman | AG24: Diversity Resource Teacher | AH24: 49 | AI24: Divisional | AJ24: 1113.31 | AK24: 1113.31 | AL24: 1113.31 | AM24: The Diversity Resource Teacher takes primary responsibility for promoting school-based Culturally Responsive Teaching practices and supporting equitable student achievement outcomes with assistance from the Office of Community Engagement. | AN24: Red Hill Elementary School
D25: CY6005301-Joshua McElheny | E25: CY6002186-Catherine Coffman | F25: CY6007000-Heather Vanderweide | G25: CY6001322-Raymond Chrobak | H25: CY6004909-Julie Carew | I25: CY6008643-Katherine Budziszewski | K25: CY6001537-Virginia Elgort | L25: CY6004982-Hope Caplan | M25: CY6014688-Emilia Cuevas | N25: CY6014693-Haley Hall | O25: CY6302588-Margaret Bradford | P25: CY6009630-Rachel Montgomery | Q25: CY6303996-Ella Patton | R25: CY6015199-Jessica Miller | S25: CY6011361-Christopher Royer | T25: CY6012961-Leonard Grasso | U25: CY6004597-Schneider, Jennifer (Jenn) | V25: CY6001988-Sara Hahn | Y25: CY6007543-Jared Walding | AA25: CY6011472-Kellye Christ | AC25: CY6000807-Makenzie Crawford | AD25: CY6301364-Elijah Morris | AE25: CY6012245-Grace Dalton | AG25: Drama Coach | AH25: 94 | AI25: Site-based | AJ25: 1391.64 | AK25: 1391.64 | AL25: 1391.64 | AM25: The Drama Coach oversees all aspects of play production. | AN25: Scottsville Elementary School
D26: CY6010685-Katherine Noona | E26: CY6303849-Catherine De Sousa | F26: CY6303876-Holly Mack | G26: CY6300567-Sara Bishop | H26: CY6015000-Kahla Mosley | I26: CY6004957-Kristi Elsie | L26: CY6012250-Ida Caramanis | M26: CY6002908-Emily Hudson | N26: CY6001636-Holly French | O26: CY6008730-Marla Grubb | P26: CY6013136-Rebecca Bunn | Q26: CY6013101-Emily Ibrahim | R26: CY6004547-Jody Taylor | S26: CY6012378-Claire Keith | T26: CY6009066-Lisa Davis | U26: CY6005217-Schutz, Kathryn (Katy) | V26: CY6009089-Sean Snider | Y26: CY6010492-Jeffrey Anderson | AA26: CY6014855-Kendall Dovel | AC26: CY6013890-Makisha Meekins | AD26: CY6009656-Emily Henry | AE26: CY6005716-Jamela Jasper | AG26: Drama Technical Coach | AH26: 95 | AI26: Site-based | AJ26: 1391.64 | AK26: 1391.64 | AL26: 1391.64 | AM26: The Drama Technical Coach oversees all technical aspects of play production. | AN26: Special Education
D27: CY6303906-Katherine Stevey | E27: CY6002383-Chariya Little | F27: CY6005812-Jennifer Olson-Varshavsky | G27: CY6008332-Shannon Lindemann | H27: CY6004836-Karen Morris | I27: CY6000206-Laura Lewis | L27: CY6009485-Jaylen Crist | M27: CY6302817-Grace Griffin | N27: CY6302944-Hunter Nunley | O27: CY6010470-Megan Kopley | P27: CY6003584-Sara Hankins | Q27: CY6013351-Eric McNeese | R27: CY6001727-Jonathan Wamsley | S27: CY6013267-Clarissa Pawlica | T27: CY6000472-Mary Morales | U27: CY6007012-Peters, Hannah | V27: CY6010273-Shannon Mueller | Y27: CY6014911-Jennifer Johnson | AA27: CY6004533-Kimberly Martin | AC27: CY6014994-Megan Haan | AD27: CY6300431-Emma Brown | AE27: CY6013620-Jana Gatlyn | AG27: Extended Responsibilities-Library/Media Specialist | AH27: 98 | AI27: Site-based | AJ27: 556.66 | AK27: 556.66 | AL27: 556.66 | AM27: The Extended Responsibilities position involves work that occurs after the school year has ended and/or preparation for the new school year. | AN27: Specialized Academic Center
D28: CY6014781-Kathleen Hicks | E28: CY6001674-Charles Morris | F28: CY6004609-John Johnson | G28: CY6014875-Stephanie Richardson | H28: CY6002124-Kelli Crickenberger | I28: CY6014951-Laura Payne | L28: CY6301435-Jenna Hall | M28: CY6014956-Halle Buckles | N28: CY6008636-Jeffrey Melton | O28: CY6000148-Molly Foster | P28: CY6013121-Sara Ross | Q28: CY6302595-Erika Hsu | R28: CY6006217-Joseph Frankfurth | S28: CY6006621-Cullen Wade | T28: CY6011551-Megan Short | U28: CY6013138-Walker, Gabriel | V28: CY6005255-Suzanne Harris | Y28: CY6008719-Jennifer Sims | AA28: CY6000396-Laura Sexton | AC28: CY6010471-Meghan Payne | AD28: CY6006385-Erik Gauss | AE28: CY6009036-Jennifer Gahlmann | AG28: Faculty Advisory Committee | AH28: 99 | AI28: Site-based | AJ28: 556.66 | AK28: 556.66 | AL28: 556.66 | AM28: The Faculty Advisory Committee member represents the interests of his/her department on the committee. | AN28: Stone-Robinson Elem. School
D29: CY6302591-Kaylin Brown | E29: CY6002768-Charles Scott | F29: CY6304041-John Werkheiser | G29: CY6014416-Valerie Funk | H29: CY6000817-Kimberly Henry | I29: CY6304101-Lauren Capasso | L29: CY6014825-Jennifer Buonpastore Yeager | M29: CY6007949-Hannah Handrich | N29: CY6003809-Jeffrey Toms | O29: CY6015005-Nuntapapasr Kraisen-Thomas | P29: CY6003959-Sarah Jackson | Q29: CY6003759-Ewell Mthethwa | R29: CY6006746-Joseph Price | S29: CY6005734-Daniel Brown | T29: CY6014905-Michelle Bergstresser | U29: CY6006826-James, Shanta | Y29: CY6013842-Jesse Hagen | AA29: CY6009618-Lauren Simard | AC29: CY6008288-Meghan Sibbald | AD29: CY6000072-Erin Rittenhouse | AE29: CY6301399-Jill Arana-Rowe | AG29: Faculty Recognition Committee/Coordinator | AH29: 100 | AI29: Site-based | AJ29: 556.66 | AK29: 556.66 | AL29: 556.66 | AM29: The Faculty Recognition Coordinator receives and screens information regarding the achievements of faculty members and assists with commending colleagues for their achievements. | AN29: Stony Point Elementary School
D30: CY6006376-Kimberly Eaton | E30: CY6005696-Charles Townsend | F30: CY6014076-Jordyne Gebhardt | G30: CY6304164-Whitney Dyke | H30: CY6014637-Kohde Cason | I30: CY6005066-Leslie Gibson | L30: CY6007873-Justin Stauffer | M30: CY6300979-Jana Bailey | N30: CY6015325-Jennifer Page | O30: CY6009710-Pamela Snead | P30: CY6302437-Shauna Wills | Q30: CY6302374-Gary Bradley | R30: CY6009638-Kate Syms | S30: CY6013839-Daniel Rogers | T30: CY6301343-Noelia Rodriguez | U30: CY6011933-Price, Jamie | Y30: CY6012379-Jessica Sledge | AA30: CY6005302-Lillian Houchens | AC30: CY6006317-Melissa Herring | AD30: CY6002784-Forrest Garrison | AE30: CY6015036-Jiyeon Jeong | AG30: Graduation Coordinator | AH30: 104 | AI30: Site-based | AJ30: 556.66 | AK30: 556.66 | AL30: 556.66 | AM30: Coordinate all graduation related school activities | AN30: Walton Middle School
D31: CY6008271-Kristen Schlegel | E31: CY6303851-Chelsea Berry | F31: CY6303928-Justin Wagner | H31: CY6002748-Laura Crotteau | I31: CY6006299-Linda Cassell | L31: CY6013303-Katherine Ford | M31: CY6005549-Jay Kolbrener | N31: CY6302845-Jessica LeAnne Huggins | O31: CY6000595-Rebecca Brown | P31: CY6000713-Susan Pollack | Q31: CY6304311-Hannah Mathewson | R31: CY6003758-Kathleen Haan | S31: CY6014900-David Simms | T31: CY6001690-Olivia Delph | U31: CY6013209-Walker, Emily | Y31: CY6002409-Karen Ferrer | AA31: CY6011661-Lindsey Simard | AC31: CY6002443-Michelle Proffitt | AD31: CY6005010-Franklin Lawson | AE31: CY6301264-Joseph Nichols | AG31: High School Seminar Program (Freshman Seminar) | AH31: 113 | AI31: Site-based | AJ31: 556.66 | AK31: 556.66 | AL31: 556.66 | AM31: The High School Seminar Lead develops, coordinates, and serves as the school-based point of contact for the common ACPS High School Seminar Program. | AN31: Western Albemarle High School
D32: CY6001693-Leora Brown-Petro | E32: CY6007131-Cherie Thomas | F32: CY6005262-Kathryn Wilson | H32: CY6011417-Margaret Rader | I32: CY6003520-Linda Mangiaracina | L32: CY6013120-Katherine Fritts | M32: CY6000650-Jean Flaherty | N32: CY6006335-Jonathan Barber | O32: CY6004806-Regina Boseman | P32: CY6000492-Thomas Green | Q32: CY6301188-Hunter Stewart | R32: CY6013098-Kathryn Miller | S32: CY6001192-Dean Eliason | T32: CY6002339-Paula Brown | U32: CY6012440-Devine, Kaitlin | Y32: CY6302557-Kayla Hearl | AA32: CY6005691-Megan Weary | AC32: CY6003507-Natalie Capps | AD32: CY6003860-Frederic Anderson | AE32: CY6304014-Karen McTamaney | AG32: Honor Society Sponsor | AH32: 107 | AI32: Site-based | AJ32: 556.66 | AK32: 556.66 | AL32: 556.66 | AM32: The Honor Society Sponsor coordinates all honor society-related activities. | AN32: Woodbrook Elementary School
D33: CY6012500-Leslie Kelley-Genson | E33: CY6001086-Cheryl Cottrell | F33: CY6013791-Kristin O'Brien | H33: CY6002081-Meaghan Gibson | I33: CY6303172-Lisa Thackston | L33: CY6004254-Katherine Hamel | M33: CY6001165-Jennifer Henry | N33: CY6302737-Kaitlin Nabors | O33: CY6007852-Robin Lo Bello | P33: CY6012111-Virginia Carew | Q33: CY6005854-Janelle Ellis | R33: CY6005176-Kelly Moulds-White | S33: CY6006279-Derek Frazier | T33: CY6014329-Sarah Kiscaden | U33: CY6303881-Prescott, Halli | Y33: CY6302529-Kaylin Belcher | AA33: CY6301809-Molly Eltzroth-Lingon | AC33: CY6014985-Pamela Venable | AD33: CY6303916-Hunter Hall | AE33: CY6011699-Karen Moore | AG33: Independent Study Coordinator | AH33: 108 | AI33: Site-based | AJ33: 556.66 | AK33: 556.66 | AL33: 556.66 | AM33: The Independent Study Coordinator (usually the Gifted Resource Teacher) coordinates all special activities and program design to meet the needs of gifted students. Independent study is available to all students.
D34: CY6002440-Leslie Puckett | E34: CY6007860-Christopher Barnes | F34: CY6304262-Laura Longhine | H34: CY6005666-Megan Sullivan | I34: CY6014935-Matthew Shelton | L34: CY6304150-Kelley Lewis | M34: CY6008416-Jessica Navarro | N34: CY6008736-Karen Ackerman | O34: CY6301114-Ruth Haske | Q34: CY6003108-Jason Pounds | R34: CY6302874-Laura Noble | S34: CY6002544-Dustin Harris | T34: CY6007764-Victoria Dickens | U34: CY6010337-Haislip, Emily | Y34: CY6000908-Kimberly Konold | AA34: CY6013558-Rachel Hunt | AC34: CY6006905-Rebecca Kindler | AD34: CY6010525-James Reinhard | AE34: CY6008950-Karin Oravec | AG34: Industry Credential Student Support Lead | AH34: 112 | AI34: Divisional | AJ34: 815 | AK34: 815 | AL34: 975 | AM34: [COMP HS: $975; ALT HS: $815] The Industry Credential Student Support Lead takes the primary responsibility for supporting students’ equitable access and achievement outcomes on Career & Technical Education (CTE) Industry Credentials.
D35: CY6014176-Liliana Galvez | E35: CY6013948-Christopher Ceglar | F35: CY6303387-Laura Skaggs | H35: CY6300958-Nia Downing | I35: CY6003533-Michael Barber | L35: CY6011286-Kristen Anderson | M35: CY6015154-Joyce Browne | N35: CY6001656-Karen Spencer | O35: CY6302544-Ryland Herring | Q35: CY6008107-Jeanne VanDyke | R35: CY6304671-MaryAnna Merideth | S35: CY6007823-Elizabeth Jenson | T35: CY6002447-William Westen | U35: CY6001977-Ivory, Steven | Y35: CY6303866-Kristen Hughlett | AA35: CY6008807-Rachel Smith | AC35: CY6001264-Richards Maxwell | AD35: CY6301078-Jami Curry | AE35: CY6301267-Karissa Castle | AG35: Intramurals/Clubs/Activities (ICA) Sponsor | AH35: 109 | AI35: Site-based | AJ35: 556.66 | AK35: 556.66 | AL35: 556.66 | AM35: The ICA Sponsor coordinates the monthly ICA program at the middle school.
D36: CY6001104-Marc Barron | E36: CY6011826-Clinton White | F36: CY6302708-Lauren Ross | H36: CY6004562-Patricia Spradlin | I36: CY6006549-Michael Keller | L36: CY6012973-Laura Neu | M36: CY6009629-Julia Meyer | N36: CY6011708-Kathryn Peterson | O36: CY6015085-Sarah Bielskas | Q36: CY6002002-Jeremiah Greer | R36: CY6302531-Meghan Lynch | S36: CY6012720-Erikka Goff | U36: CY6004548-Juhl, Chanon | Y36: CY6015105-Kristine Thompson | AA36: CY6006831-Sayyeda Mariam | AC36: CY6010260-Tegan Scroggs | AD36: CY6000470-Jason Collier | AE36: CY6302727-Kathleen Grupe | AG36: Jazz Band Planning/Instruction | AH36: 110 | AI36: Site-based | AJ36: 1391.64 | AK36: 1391.64 | AL36: 1391.64 | AM36: Includes summer jazz rehearsal/planning/arranging and outside school hours rehearsal/events/competitions.
D37: CY6302693-Mary Bannerman | E37: CY6003080-Colleen Branche | F37: CY6302816-Leeanna Nevarez | H37: CY6013182-Rachel Sapino | I37: CY6301082-Michael Loveless | L37: CY6011821-Lauren Baber | M37: CY6014915-Katherine Kennedy | N37: CY6013167-Kerrin Stype | O37: CY6003664-Sarah Laprade | Q37: CY6012556-Johnel Childress | R37: CY6007621-Meredith Casey | S37: CY6011071-Erin Ludwig | U37: CY6009821-Colvin, Robyn | Y37: CY6010794-Krystal Osborn | AA37: CY6011338-Teresa LaRue | AC37: CY6014877-Theresa Griffith | AD37: CY6002754-Jeffrey Prillaman | AE37: CY6011125-Kevin Gibson | AG37: Lead Teacher - Middle School | AH37: 51 | AI37: Divisional | AJ37: 1113.31 | AK37: 1113.31 | AL37: 1113.31 | AM37: 7 Lead Teachers permitted -Serves as the school-based instructional leader in the content/program area concerning issues related to curriculum, instruction, and assessment.
D38: CY6013878-Megan Mlinarchik-Gutierrez | E38: CY6304251-Colleen Brooke | F38: CY6005698-Lisa Kerwien-Harman | H38: CY6008943-Sarah Hartman | I38: CY6302672-Michaelyn Shepard | L38: CY6002910-Leanna Dalton | M38: CY6012514-Kimberly Rieder | N38: CY6002370-Kimberly Warnick | O38: CY6001898-Shauna Hogg | Q38: CY6011836-Joseph Wright | R38: CY6004858-Natalie Wood | S38: CY6301922-Esther Carney | U38: CY6008991-Kim, Sarah | Y38: CY6002911-Lauren Servis | AA38: CY6003850-Thomas Landseadel | AC38: CY6001287-Thomas Steger | AD38: CY6006867-Jenna Meade | AE38: CY6013831-Kimberly McQuown | AG38: Literary Magazine Sponsor | AH38: 42 | AI38: Site-based | AJ38: 834.98 | AK38: 834.98 | AL38: 834.98 | AM38: The Literary Magazine Sponsor coordinates all efforts associated with producing the annual spring literary magazine.
D39: CY6303009-Mia Giacomo | E39: CY6013141-Courtney Bernsen | F39: CY6002723-Lynette Sanford | H39: CY6014980-Sarah Seufert | I39: CY6008402-Nancy Kozlowski | L39: CY6004566-Leslie Fendley | M39: CY6300643-Lauren Sammon | N39: CY6000450-Kristen Lancaster | O39: CY6007915-Sonia Hipple | Q39: CY6300417-Kevin Abel | R39: CY6000564-Peter Arquette | S39: CY6014065-Franklin Ahrens | U39: CY6000603-Riso, Margaret (Peggy) | Y39: CY6013094-Lindsay McMillan | AA39: CY6015116-Timaya Vowels | AC39: CY6014266-Victoria O'Neill | AD39: CY6004949-Jill Williams | AE39: CY6011470-Lauren Caminati | AG39: Math Counts Coordinator | AH39: 43 | AI39: Site-based | AJ39: 556.66 | AK39: 556.66 | AL39: 556.66 | AM39: The Math Counts Coordinator works with students in the Math Counts program.
D40: CY6303927-Molly Knight | E40: CY6302630-Craig Trejo | F40: CY6303869-Madelyn Kressler | H40: CY6007993-Susan Greenwood | I40: CY6303058-Norberto Jara-Castillo | L40: CY6015054-Lisa Dryden | M40: CY6302875-Lena Malcolm | N40: CY6009805-Kristin Berrang | O40: CY6015127-Stefanie Browne | Q40: CY6005378-Lakinya Beckwith | R40: CY6000922-Rachel Benham | S40: CY6009382-James McClung | U40: CY6012649-Archer, Taylor | Y40: CY6303715-Lucinda Hart | AA40: CY6008013-Tracy Combs | AC40: CY6011369-Victoria Selmer | AD40: CY6004663-Joel Hartshorn | AE40: CY6302002-Lauren Harper | AG40: Middle School Advisory | AH40: 46 | AI40: Site-based | AJ40: 556.66 | AK40: 556.66 | AL40: 556.66 | AM40: The Middle School Advisory Stipend develops, coordinates, and serves as the point of contact for the common ACPS Middle School Advisory lesson program.
D41: CY6300969-Molly Parrish | E41: CY6014933-Daniel Gidick | F41: CY6304375-Mallory Grover | H41: CY6009633-Tetyana Hoppel-Tollison | I41: CY6304115-Rebecca Wilder | L41: CY6002075-Lora Phillips | M41: CY6003435-Lily Williams | N41: CY6001676-Kristin Brubaker | O41: CY6000098-Susan Peck | Q41: CY6010091-Laura Glassow | R41: CY6004357-Robert Gregg | S41: CY6010219-James O'Leary | U41: CY6000699-Lin, Nancy | Y41: CY6000829-Margaret Hess | AA41: CY6003642-Tyler Croson | AD41: CY6303998-John Bolvari | AE41: CY6301292-Leslie Morris | AG41: Model United Nations | AH41: 44 | AI41: Site-based | AJ41: 1113.31 | AK41: 1113.31 | AL41: 1113.31 | AM41: Model United Nations is an authentic simulation of the U.N. General Assembly and other multilateral bodies. Across the United States and around the world, students participate in conferences designed to give them the opportunity to learn about the United Nations and to discuss global issues.
D42: CY6304119-Molly Walters | E42: CY6002154-David Laprade | F42: CY6007828-Marianne Tolley | H42: CY6012267-Tiffany Barber | I42: CY6009213-Ruby Garofalo | L42: CY6005098-Mara Check | M42: CY6007876-Lori Alridge | N42: CY6006218-Lauren Cousar | O42: CY6014114-Sydney Daniel | Q42: CY6014670-Lewis Griffin | R42: CY6002302-Sarah Bardwell | S42: CY6004804-Jason Poole | U42: CY6007990-Gifford, Katie | Y42: CY6301138-Margaret Kalister | AA42: CY6002360-Virginia Haney | AD42: CY6003750-John Ratcliffe | AE42: CY6302619-Lisa Keener | AG42: National Honor Society (NHS) Selection Committee | AH42: 39 | AI42: Site-based | AJ42: 556.66 | AK42: 556.66 | AL42: 556.66 | AM42: The NHS Selection Committee member participates in the selection of National Honor Society members.
D43: CY6302617-Nicole Anstadt | E43: CY6012679-David Topper | F43: CY6003339-Megan Jackson | H43: CY6009198-Tiffany Clarke | I43: CY6002464-Sarah Saunders | L43: CY6014852-Marshall Crist | M43: CY6302572-Madeline Nooter | N43: CY6013103-Lindsay Callison | O43: CY6301268-Taylor Dalton | Q43: CY6002437-Lindsay Evans | R43: CY6015066-Sarah Tracey | S43: CY6011492-Jason VerPlanck | U43: CY6015128-Carlson, Sarah | Y43: CY6012034-Marilu Harl | AA43: CY6006020-Whitney Taylor | AD43: CY6014078-Jordan Dudley | AE43: CY6003229-Lynda Lutz | AG43: National Honor Society (NHS) Selection Coordinator | AH43: 45 | AI43: Site-based | AJ43: 834.98 | AK43: 834.98 | AL43: 834.98 | AM43: The NHS Selection Committee Coordinator oversees the entire selection process and coordinates the efforts of the committee.
D44: CY6012616-November Oliver | E44: CY6005065-David Woodward | F44: CY6303853-Meredith Bornholdt | H44: CY6009122-Trevor Bricker | I44: CY6008007-Sarah Stillwell | L44: CY6014638-Matthew Allen | M44: CY6300319-Madelyn Dreher | N44: CY6005313-Lisa Dockery-Boyce | Q44: CY6302534-Lydia Dolvin | R44: CY6009745-Sheena Coleman | S44: CY6301076-Jayla Crane | U44: CY6002779-Palmer, Virginia (Ginna) | Y44: CY6004893-Mary Irons | AD44: CY6014987-Joseph Richmond | AE44: CY6303079-Lynn Ruppard | AG44: Newspaper Sponsor | AH44: 47 | AI44: Site-based | AJ44: 1113.31 | AK44: 1113.31 | AL44: 1113.31 | AM44: The Newspaper Sponsor oversees all aspects of producing the school newspaper.
D45: CY6302223-Rebecca Lant | E45: CY6006281-Diana Webber | F45: CY6010632-Michele Hephner | H45: CY6005490-Wendy Davis | I45: CY6014131-Sean Rizvic | L45: CY6302107-Minuette Goin | M45: CY6302567-Mallory Asaturian | N45: CY6004708-Lisa Killham | Q45: CY6007099-Marie Vinel | R45: CY6005150-Stephanie Lamm | S45: CY6009704-Jeannette Stott | U45: CY6001323-Saunders, Rebekah | Y45: CY6304389-Megan Hand | AD45: CY6014968-Kaitlin Brediger | AE45: CY6302718-Marissa Spears | AG45: One-Act Play Competition Coordinator | AH45: 1 | AI45: Site-based | AJ45: 1391.64 | AK45: 1391.64 | AL45: 1391.64 | AM45: Coach annual one-act play competitions
D46: CY6304112-Reilly Uiterwyk | E46: CY6009533-Dustyn Green | F46: CY6002508-Michelle Drago | I46: CY6014013-Selena Shifflett | L46: CY6012653-Molly Dunsmore | M46: CY6303864-Margaret Hill | N46: CY6010250-Lisa Schropp | Q46: CY6009189-Marquell Woodson | R46: CY6004847-Sybil Rakness | S46: CY6008817-Jennifer Csapo | Y46: CY6002897-Megan Williams | AD46: CY6009318-Kaitlyn Bodine | AE46: CY6013902-Nicholas Clark | AG46: Performance (Choral/Band/Strings/Orchestra) Coordinator | AH46: 3 | AI46: Site-based | AJ46: 556.66 | AK46: 556.66 | AL46: 556.66 | AM46: The Performance Coordinator has responsibility for before/after school and/or summer performance programs.
D47: CY6301457-Samantha Elhart | E47: CY6002255-Edward Wayne | F47: CY6012590-Natalie Proctor | I47: CY6005584-Shanika Curry | L47: CY6304461-Monira Hossain | M47: CY6008822-Marjorie De Boer | N47: CY6004652-Lydia Beeler | Q47: CY6011368-Mary Ver Planck | R47: CY6002047-Tabatha Myers | S47: CY6013168-Jennifer Hedberg | Y47: CY6002751-Michael Armstrong | AD47: CY6301116-Kalina Kozlowski | AE47: CY6013092-Patrice Harris | AG47: PLC Content Team Leader | AH47: 4 | AI47: Site-based | AJ47: 556.66 | AK47: 556.66 | AL47: 556.66 | AM47: PLC leader will represent the content team they teach/work with
D48: CY6007795-Sarah Maciel | E48: CY6302724-Ekaterina Eastwood | F48: CY6302304-Pamela Mierzwa | I48: CY6013131-Sharon Hall | L48: CY6301301-Savannah Sorrels | M48: CY6003547-Mary Bajikar | N48: CY6000986-Maria Fields | Q48: CY6013885-Maxwell Rzodkiewicz | R48: CY6001360-Tate Maguire | S48: CY6000824-Jennifer Meade | Y48: CY6001940-Mignonetta Thomas | AD48: CY6005183-Katherine Innes | AE48: CY6303240-Rachel Howard | AG48: Prom Coordinator | AH48: 5 | AI48: Site-based | AJ48: 556.66 | AK48: 556.66 | AL48: 556.66 | AM48: Coordinate all prom activities related to the school
D49: CY6003464-Sherry Thompson | E49: CY6303845-Elizabeth Ayorinde | F49: CY6004590-Patricia Shifflett | I49: CY6002457-Shonda Riddick | L49: CY6014026-Sierra Koch | M49: CY6007101-Meaghan Craddock | N49: CY6302890-Marissa Hodges | Q49: CY6013020-Melissa Flaminio | R49: CY6002445-Thomas Collier | S49: CY6009713-Jennifer Timms | Y49: CY6010746-Nicole Santoro | AD49: CY6004281-Katherine Pugh | AE49: CY6015089-Reagan Fields | AG49: PTO Liaison | AH49: 6 | AI49: Site-based | AJ49: 556.66 | AK49: 556.66 | AL49: 556.66 | AM49: The PTO Liaison serves as the contact person between the school staff and the PTO.
D50: CY6012200-Stephanie Heath | E50: CY6014995-Elizabeth Collier | F50: CY6010484-Ryan Shrader | I50: CY6012687-Sindhura Vadlamani | L50: CY6002029-Tamara Williams | M50: CY6302535-Measia Fenn | N50: CY6010743-Mary McLachlan | Q50: CY6301133-Melissa Morella | R50: CY6013851-Tracy Craft | S50: CY6001718-Jennifer Warren | Y50: CY6008873-Racheal Dulaney | AD50: CY6001660-Kelly Ann Burnette | AE50: CY6013769-Samantha Oliveri | AG50: Safety Coordinator | AH50: 9 | AI50: Site-based | AJ50: 556.66 | AK50: 556.66 | AL50: 556.66 | AM50: The Safety Coordinator is responsible for coordinating and implementing a school safety program.
D51: CY6009676-Steven Burdin | E51: CY6302889-Elizabeth Todd Williams | F51: CY6013397-Ryann Galganowicz | I51: CY6003426-Susan Scofield | L51: CY6002065-Tracy Brown | M51: CY6302554-Megan Forloines | N51: CY6002427-Meagan Hoy | Q51: CY6011491-Melissa Taylor | S51: CY6011432-Jessica Eisenhauer | Y51: CY6011557-Ramona Martin | AD51: CY6001854-Kevin Matheny | AE51: CY6012290-Sana Tauchi | AG51: School Improvement | AH51: 11 | AI51: Site-based | AJ51: 556.66 | AK51: 556.66 | AL51: 556.66 | AM51: The School Improvement team member takes primary responsibility for the development and implementation of the School Improvement Plan goals and objectives.
D52: CY6301129-Stuart Thomas | E52: CY6006194-Emily Millirons | F52: CY6301125-Sarah Richards | I52: CY6302703-Timothy Jenson | M52: CY6005228-Megan Greenwood | N52: CY6011479-Megan Miller | Q52: CY6008634-Michelle Kessler | S52: CY6010841-Johanna Rahilly | Y52: CY6303039-Rosemarie Propes | AD52: CY6005222-Kip Chatterson | AE52: CY6013423-Shana Clements | AG52: School Sustainability Liaisons | AH52: 114 | AI52: Divisional | AJ52: 834.98 | AK52: 834.98 | AL52: 834.98 | AM52: The School Sustainability Liaisons are responsible for ensuring the success of the school’s recycling and cafeteria composting programs.
D53: CY6008668-Vicky Chen | E53: CY6007016-Emily Thacker | F53: CY6303930-Stacy Karim | I53: CY6009945-Tyler Cersley | M53: CY6011648-Melanie Callihan | N53: CY6008709-Monica Laux | Q53: CY6011414-Michelle Palmer | S53: CY6015304-John Rademacher | Y53: CY6007283-Sandra Holbrook | AD53: CY6302763-Kristen Dennard-Sweatman | AE53: CY6000576-Shannon Smith | AG53: School Technology Team Leader | AH53: 116 | AI53: Site-based | AJ53: 556.66 | AK53: 556.66 | AL53: 556.66 | AM53: The School Technology Team Leader serves as the liaison between school administration and staff and the Department of Technology in the management and implementation of technology policies and school-based technology activities.
D54: CY6303883-Wesley Smith | E54: CY6012935-Eric Bricker | F54: CY6303871-Taylor Lowinger | I54: CY6013776-Val Thompson | M54: CY6010751-Michele Abercrombie | N54: CY6006423-Natalie King | Q54: CY6015236-Reilly Evans | S54: CY6009479-John Skelton | Y54: CY6302543-Savanah Krouch | AD54: CY6011474-Krystal Dawson | AE54: CY6302716-Shaquana Kasyula | AG54: School-Based Intervention Team (SBIT) Coordinator | AH54: 52 | AI54: Divisional | AJ54: 1113.31 | AK54: 834.98 | AL54: 1113.31 | AM54: [ELEM or MIDDLE $1,113.31; HIGH: $834.98] The School Based Intervention Team Chairperson facilitates, coordinates, schedules, and chairs School Based Intervention Team (SBIT) meetings.
E55: CY6005476-Eric Gama | F55: CY6303521-Teresa Siburn | M55: CY6015160-Natalia Lewis | N55: CY6011712-Nathan Elmore | Q55: CY6304168-Rhea Malla | S55: CY6303645-Jonathan Berlin | Y55: CY6302556-Sheila White | AD55: CY6302943-Kurt Johnson | AE55: CY6014253-Tamera Lovelace | AG55: Special Education Support Teacher | AH55: 53 | AI55: Divisional | AJ55: 1391.64 | AK55: 834.98 | AL55: 1391.64 | AM55: [ELEM: $834.98; MIDDLE: $1,113.31; COMP HS $1,391.64; ALT HS: $834.98] The Special Education Support Teacher assists with the site-based coordination of special education programs.
E56: CY6000580-Erica Thorsen | F56: CY6014460-Victoria Centineo | M56: CY6014885-Nicole Johnson | N56: CY6000171-Pamela Koury | Q56: CY6001248-Ronica Turner | S56: CY6002815-Jonathon McDaniel | Y56: CY6006301-Stephanie Worczak | AD56: CY6002325-Laura Chatterson | AE56: CY6014755-Tamira Weaver | AG56: Special Events Coordinator | AH56: 13 | AI56: Site-based | AJ56: 1113.31 | AK56: 1113.31 | AL56: 1113.31 | AM56: The Special Events Coordinator oversees all aspects of planning and putting on special events throughout the school year.
E57: CY6006283-Erika Whitten | F57: CY6303926-Victoria Virag | M57: CY6014948-Noel Kyner | N57: CY6014984-Paul Regan | Q57: CY6011783-Sarah Bigler | S57: CY6013880-Julianne Abruzzo | Y57: CY6009703-Tana Strike | AD57: CY6301323-Leah Cash | AE57: CY6301426-Theresa Scruggs | AG57: Special Programs/Projects Coordinator | AH57: 14 | AI57: Site-based | AJ57: 556.66 | AK57: 556.66 | AL57: 556.66 | AM57: The Special Programs/Projects Coordinator plans and implements special programs throughout the school year.
E58: CY6301381-Erin Hall | F58: CY6012820-Wesley Kittelberger | M58: CY6013220-Rachel Mutzabaugh | N58: CY6014870-Rachel Waleski | Q58: CY6013692-Shae Bergfeld | S58: CY6013778-Karen Garr | Y58: CY6013774-Vanessa Dunn-Tolman | AD58: CY6003168-Lindsay Winston | AE58: CY6303008-Triana Hughes | AG58: Spring Musical Director | AH58: 15 | AI58: Site-based | AJ58: 1669.97 | AK58: 1669.97 | AL58: 1669.97 | AM58: The musical drama director oversees the entire project; supervises all levels of the production and coordinates all aspects of the production.
E59: CY6009681-Ethan Hayes | M59: CY6001025-Robert Dent | N59: CY6301083-Rae Owen | Q59: CY6001764-Shannon Reilly | S59: CY6008419-Kathryn Bender | Y59: CY6012518-Alexandra McElroy | AD59: CY6303841-Lisa George | AE59: CY6301253-Winston Hall | AG59: Strings Director | AH59: 17 | AI59: Site-based | AJ59: 1113.31 | AK59: 1113.31 | AL59: 1113.31 | AM59: The Strings Director organizes, plans and directs strings music activities.
E60: CY6012614-Gabrielle Sukovich | M60: CY6302612-Sarah Williams | N60: CY6012428-Rebecca Rosenbaum | Q60: CY6011366-Stephen Whitaker | S60: CY6004310-Kathryn Bledsoe | Y60: CY6009649-Diane Gibbs | AD60: CY6004785-Lisa Karpovich | AG60: Student Council Association Coordinator | AH60: 19 | AI60: Site-based | AJ60: 834.98 | AK60: 834.98 | AL60: 834.98 | AM60: The Middle School SCA coordinator oversees all meetings and activities associated with the student government.
E61: CY6302691-Grace Anderson | M61: CY6014354-Shannon Martin | N61: CY6012543-Robert Isley | Q61: CY6301608-Tatania Campbell | S61: CY6300402-Kathryn McKee | Y61: CY6000702-Emily Tomko | AD61: CY6012533-Logan McElroy | AG61: Student Council Sponsor | AH61: 20 | AI61: Site-based | AJ61: 556.66 | AK61: 556.66 | AL61: 556.66 | AM61: The Elementary Student Council Sponsor coordinates the activities of the Student Council.
E62: CY6010562-Gracie Gambino | M62: CY6011519-Susan Brumbaugh | N62: CY6002393-Rodricucuz Vaughn | Q62: CY6013145-Thallya Diaz | S62: CY6004668-Kimberly Morgan-Thomas | Y62: CY6007720-Judith Crosby | AD62: CY6006379-Lori Linville | AG62: Student Council/Student Government Association (SCA/SGA) Advisor | AH62: 21 | AI62: Site-based | AJ62: 1113.31 | AK62: 1113.31 | AL62: 1113.31 | AM62: The SGA Advisor oversees the coordination of elections and activities sponsored by the student government.
E63: CY6014550-Halle Kline | N63: CY6303119-Sarah Morris | Q63: CY6002411-Thomas McMurdo | S63: CY6010571-Krista Rush | Y63: CY6010478-Karen Fink | AD63: CY6009707-Lynn Define | AG63: Student Intervention Meeting Facilitator | AH63: 22 | AI63: Site-based | AJ63: 556.66 | AK63: 556.66 | AL63: 556.66 | AM63: The facilitator for student intervention meetings oversees the organization, communication, and implementation of the student interventions.
E64: CY6014222-Hayley McGhee | N64: CY6002734-Susan Shepard | Q64: CY6012952-Tiphony Barmore | S64: CY6013888-Kyrsten Nagypaul | Y64: CY6303909-LaRhonda Rivers | AD64: CY6007899-Malinda Smith | AG64: Student Leadership Training Session Facilitator | AH64: 24 | AI64: Site-based | AJ64: 556.66 | AK64: 556.66 | AL64: 556.66 | AM64: This facilitator provides leadership training to SCA, Class, and Club officers.
E65: CY6013150-Holly Newman | N65: CY6001408-Taylor Evancho | Q65: CY6013206-Valerie Lewis | S65: CY6009685-Langley Sloan | Y65: CY6013577-Lauren Carroll | AD65: CY6302669-Margaret Marshall | AG65: Student Recognition Committee/Coordinator | AH65: 26 | AI65: Site-based | AJ65: 556.66 | AK65: 556.66 | AL65: 556.66 | AM65: The Student Recognition Committee or Coordinator receives and organizes information regarding the achievements of students and oversees all school and community efforts to recognize student effort and achievement.
E66: CY6007173-Ian Lyons | N66: CY6013988-Ted Cooley | Q66: CY6004592-Victoria Megginson | S66: CY6005566-Laura Gaskins | Y66: CY6303755-Liza-Marie Griebenauw | AD66: CY6010707-Mary Gardner | AG66: Superintendent’s Student Senate Counsel | AH66: 115 | AI66: Site-based | AJ66: 556.66 | AK66: 556.66 | AL66: 556.66 | AM66: High School Equity Team Leader and Student Senate Coordinator - $534.47 -A key component of the Superintendent’s advisory counsel is to hear feedback from students. To better organization this feedback from a diverse population of high school students, each high school will sponsor an Affinity Group (Latinx, GSA, BSU, etc.), led by a High School Equity Team Affinity Group Leader. The Student Senate Coordinator will facilitate the ability for the collective voice of all Affinity Groups to contribute to the Superintendent’s Student Senate Counsel. The purpose of this feedback is to address school concerns and issues, address community and concerns and issues, and to develop ideas and strategies in response.
E67: CY6302742-Jacqueline Foss | N67: CY6303889-William Joyce | Q67: CY6301300-Yolanda Rose | S67: CY6005506-Leta Johnson | Y67: CY6010256-Sara Hawn | AD67: CY6001296-Mary White | AG67: Teacher Leader / Team Leader - Middle School | AH67: 54 | AI67: Divisional | AJ67: 1113.31 | AK67: 1113.31 | AL67: 1113.31 | AM67: [MIDDLE Total Funding: $6,679.86] -6 Teacher Leaders permitted-The Middle School Team Leader serves as the liaison between the building administration and the members of the team in management and implementation of school policies and instructional activities.
E68: CY6014314-Jacquelyn Marinucci | N68: CY6008765-William Timmons | Q68: CY6302629-Zachary Bullock | S68: CY6005841-Marco Escobar | Y68: CY6302748-Shannon Berry | AD68: CY6010473-Meghan Streit | AG68: Teacher Leader / Team Leader- Elementary School | AH68: 55 | AI68: Divisional | AJ68: 1113.31 | AK68: 1113.31 | AL68: 1113.31 | AM68: [SMALL ELEM Total Funding: $10,019.79 - 9 teacher leaders permitted; LARGE ELEM Total Funding: $12,246.41-11 teacher leaders permitted] The Elementary Team Leader serves as a liaison between the school administration and team members in management and implementation of school policies and instructional activities.
E69: CY6007496-Jamie Sherwell | S69: CY6012521-Mary Erwin | Y69: CY6304431-Suzanne Abrams | AD69: CY6003557-Melisa Larson | AG69: Teacher Mentor | AH69: 28 | AI69: Site-based | AJ69: 556.66 | AK69: 556.66 | AL69: 556.66 | AM69: A Teacher Mentor supports new teachers and serves as a liaison between teacher, building administrators and central office.
E70: CY6014539-Jared Ende | S70: CY6303682-Matthew Bailey | AD70: CY6303713-Michael Carroll | AG70: Technology Committee | AH70: 29 | AI70: Site-based | AJ70: 556.66 | AK70: 556.66 | AL70: 556.66 | AM70: A Technology Committee member develops the school technology policies and the school technology budget.
E71: CY6300316-Jay Farris | S71: CY6003556-Melissa Hankins | AD71: CY6007282-Michael Redmond | AG71: Testing Coordinator | AH71: 117 | AI71: Site-based | AJ71: 1669.97 | AK71: 1669.97 | AL71: 1669.97 | AM71: The Testing Coordinator supports the planning and administration of College Board assessments, including AP Exams, PSAT, and SAT School Day. The role ensures testing activities are organized, compliant with College Board requirements, and that students and staff receive necessary support throughout the testing process.
E72: CY6302893-Jennifer Brown | S72: CY6012251-Michael McCrory | AD72: CY6014999-Mikhal Salzberg | AG72: Transition/Transition and Orientation Program for Students (TOPS) Coord | AH72: 31 | AI72: Site-based | AJ72: 834.98 | AK72: 834.98 | AL72: 834.98 | AM72: The Transition Coordinator works with the administration, guidance department members, and other staff to organize and manage programs designed to ease the transition of middle school students to the high school.
E73: CY6001001-Jennifer MacDonald | S73: CY6007935-Michael Parsons | AD73: CY6013941-Molly Ashur | AG73: Video & Web Projects Coordinator | AH73: 32 | AI73: Site-based | AJ73: 556.66 | AK73: 556.66 | AL73: 556.66 | AM73: Coordinates the production of special video and webpage projects for the school.
E74: CY6001649-Jennifer Morris | S74: CY6013187-Michael Strickler | AD74: CY6001717-Molly Miracle | AG74: Video Production/TV Broadcast Coordinator | AH74: 33 | AI74: Site-based | AJ74: 834.98 | AK74: 834.98 | AL74: 834.98 | AM74: The Video Production/TV Broadcast Coordinator oversees all activities associated with school video production.
E75: CY6008635-Jessica Byrd | S75: CY6010574-Michael Wahl | AD75: CY6303840-Nancy Zizzi | AG75: Vocal Jazz Performances | AH75: 34 | AI75: Site-based | AJ75: 1113.31 | AK75: 1113.31 | AL75: 1113.31 | AM75: Coordinate and execute a significant number of extra performances for school and community
E76: CY6011837-Joanne Cooner | S76: CY6006711-Michele Bambury | AD76: CY6301156-Nicholas Bradsher | AG76: Web Content Coordinator | AH76: 59 | AI76: Divisional | AJ76: 834.98 | AK76: 834.98 | AL76: 834.98 | AM76: The Web Content Coordinator performs website content coordination functions at the school level, ensuring the school web site is aligned with our school division vision as well as our division website and its style.
E77: CY6012448-John Glass | S77: CY6004215-Paige Pippin | AD77: CY6303001-Nicole Harding | AG77: Wind Ensemble Director | AH77: 36 | AI77: Site-based | AJ77: 1391.64 | AK77: 1391.64 | AL77: 1391.64 | AM77: Plan and organize shows and performances.
E78: CY6012562-Joseph Dufrat | S78: CY6001267-Paula Loving | AD78: CY6012483-Noah Biros | AG78: Yearbook Advisor | AH78: 37 | AI78: Site-based | AJ78: 1113.31 | AK78: 556.66 | AL78: 1113.31 | AM78: [ELEM $556.66; MIDDLE $834.98; HIGH: $1,113.31]The Yearbook Advisor organizes and directs all phases of activities culminating in the production of an annual school yearbook.
E79: CY6303848-Julia Purdy | S79: CY6000890-Philip Gahring | AD79: CY6302937-Norma Chinchilla Castro
E80: CY6012384-Julie Heffron | S80: CY6002818-Robert Ayres | AD80: CY6304054-Norma Pineda Chavez
E81: CY6012576-Julie Shreck | S81: CY6004544-Robert Garland | AD81: CY6012424-Olivia LeMay
E82: CY6013975-Kathryn Harrell | S82: CY6007284-Robert Wendell | AD82: CY6013852-Paul Jarasek
E83: CY6006295-Katie McKinley | S83: CY6007297-Sarah Miller | AD83: CY6303011-Princess Guerrero
E84: CY6301595-Kenneth Moran | S84: CY6007799-Sarah Spence | AD84: CY6011531-Pronte Crawford
E85: CY6004259-Kristin Johnson | S85: CY6006300-Shannon Deegan | AD85: CY6002894-Robert Crickenberger
E86: CY6015322-Kristina Pires | S86: CY6000846-Teresa Goodin | AD86: CY6013844-RobinAnn Apicella
E87: CY6009634-Larise Joanem-Joasil | S87: CY6013841-Teresa Muse | AD87: CY6003096-Sandra McLaughlin
E88: CY6300518-Laura Reid | S88: CY6012242-Timothy Klobuchar | AD88: CY6004852-Sara Dahl
E89: CY6301081-Lauren Hudson | S89: CY6003527-Tracy Walker | AD89: CY6302673-Sarah Hayward
E90: CY6007773-Lauren St John | S90: CY6013649-Tyler Ritenour | AD90: CY6004834-Sarah Terrill
... E93: CY6002841-Lori Reaser | S93: CY6002319-Yulanda Hatchett | AD93: CY6011257-Stephen Larson
E94: CY6302610-Luisa Acevedo | AD94: CY6002711-Susan Lohr
E95: CY6007590-Malcolm Meistrell | AD95: CY6006371-Tara O'Donnell
E96: CY6300020-Maren Lennon | AD96: CY6014914-Theresa Murrell-Miller
E97: CY6012758-Margaret Morris | AD97: CY6006674-Thomas Harrison
E98: CY6011402-Marilyn Krieger | AD98: CY6014928-William Mogen
E99: CY6014896-Mark Engel | AD99: CY6007988-Zoe Padron
E100: CY6301290-Mary Wrenn
E101: CY6001635-Maureen Graham
E102: CY6304272-Meaghan Wilson
E103: CY6002022-Melissa Brown
...

Sheet Data
A1: Employee | B1: Home Department Description | C1: Associate ID | D1: First Name | E1: Last Name | F1: Home Department Code | G1: Reports To Associate ID | H1: Reports to Email | I1: Reports To First Name | J1: Reports To Last Name | K1: Job Title Description
A2: CY6002064-Jeremy Dove | B2: ACE Academy Lambs Lane | C2: XZH001104 | D2: Barron | E2: Marc | F2: 2201HR | G2: 003483 | H2: MIRANI@K12ALBEMARLE.ORG | I2: Michael | J2: Irani | K2: Classroom Teacher
A3: CY6002342-John Bunin | B3: ACE Academy Lambs Lane | C3: XZH001114 | D3: Marc | E3: Barron | F3: 2201HR | G3: 003483 | H3: MIRANI@K12ALBEMARLE.ORG | I3: Michael | J3: Irani | K3: Classroom Teacher
A4: CY6006275-Emily Holmstrom | B4: ACE Academy Lambs Lane | C4: 001114 | D4: April | E4: Barefoot | F4: 2201HR | G4: 003483 | H4: MIRANI@K12ALBEMARLE.ORG | I4: Michael | J4: Irani | K4: Classroom Teacher
A5: CY6007835-Lanika Barnes | B5: ACE Academy Lambs Lane | C5: 001234 | D5: Ashley | E5: Purviance | F5: 2201HR | G5: 003483 | H5: MIRANI@K12ALBEMARLE.ORG | I5: Michael | J5: Irani | K5: Classroom Teacher
A6: CY6008641-Brandi Stauffer | B6: ACE Academy Lambs Lane | C6: 001302 | D6: Christopher | E6: Lilley | F6: 2201HR | G6: 003483 | H6: MIRANI@K12ALBEMARLE.ORG | I6: Michael | J6: Irani | K6: Classroom Teacher
A7: CY6011632-Sean Meslar | B7: ACE Academy Lambs Lane | C7: 001591 | D7: Ann | E7: Lindsay | F7: 2201HR | G7: 003483 | H7: MIRANI@K12ALBEMARLE.ORG | I7: Michael | J7: Irani | K7: Classroom Teacher
A8: CY6012195-James Barlow | B8: ACE Academy Lambs Lane | C8: 001998 | D8: Kimberly | E8: Rambow | F8: 2201HR | G8: 003483 | H8: MIRANI@K12ALBEMARLE.ORG | I8: Michael | J8: Irani | K8: Classroom Teacher
A9: CY6012451-Anne Dawson | B9: ACE Academy Lambs Lane | C9: 002067 | D9: Allyson | E9: Henschel | F9: 2201HR | G9: 003483 | H9: MIRANI@K12ALBEMARLE.ORG | I9: Michael | J9: Irani | K9: Classroom Teacher
A10: CY6013003-Melissa Thackston | B10: ACE Academy Lambs Lane | C10: 002104 | D10: Brittany | E10: Mullinex | F10: 2201HR | G10: 002496 | H10: MIRANI@K12ALBEMARLE.ORG | I10: Michael | J10: Irani | K10: Classroom Teacher
A11: CY6013126-Stephan Currence | B11: ACE Academy Lambs Lane | C11: 002105 | D11: Mary | E11: Batres | F11: 2201HR | G11: 003483 | H11: MIRANI@K12ALBEMARLE.ORG | I11: Michael | J11: Irani | K11: Classroom Teacher
A12: CY6014073-Marcey Patton | B12: ACE Academy Lambs Lane | C12: 002440 | D12: Leslie | E12: Puckett | F12: 2201HR | G12: 002496 | H12: MIRANI@K12ALBEMARLE.ORG | I12: Michael | J12: Irani | K12: Classroom Teacher
... A48: CY6005012-Brandi Orshoski | B48: Agnor-Hurt Elementary School | C48: 302617 | D48: Nicole | E48: Anstadt | F48: 2201HR | G48: 003483 | H48: CSIMS2@K12ALBEMARLE.ORG | I48: Catrina | J48: Sims | K48: Classroom Teacher
A49: CY6014929-Briana Boland | B49: Agnor-Hurt Elementary School | C49: 302622 | D49: Bianca | E49: DeVita | F49: 2201HR | G49: 003483
A50: CY6002104-Brittany Mullinex | B50: Agnor-Hurt Elementary School | C50: 302625 | D50: Katelyn | E50: Kennedy | F50: 2201HR | G50: 003483 | H50: DBONHAM@K12ALBEMARLE.ORG | I50: Darah | J50: Bonham | K50: Classroom Teacher
A51: CY6003214-Christina Lopez | B51: Agnor-Hurt Elementary School | C51: 302693 | D51: Mary | E51: Bannerman | F51: 2201HR | G51: 003483 | H51: DBONHAM@K12ALBEMARLE.ORG | I51: Darah | J51: Bonham | K51: Classroom Teacher
A52: CY6303855-Dana Carrico | B52: Agnor-Hurt Elementary School | C52: 303009 | D52: Mia | E52: Giacomo | F52: 2201HR | G52: 003483 | H52: KHOWARD@K12ALBEMARLE.ORG | I52: Katherine | J52: Howard | K52: Classroom Teacher
A53: CY6009646-Emily Bell | B53: Agnor-Hurt Elementary School
A54: CY6003240-Emlen Laird | B54: Agnor-Hurt Elementary School
A55: CY6300028-Gabriel Rivard | B55: Agnor-Hurt Elementary School
A56: CY6304460-Guan Song | B56: Agnor-Hurt Elementary School | C56: 000145 | D56: Caroline | E56: Chang | F56: 2202HR | G56: 26WRUKMG7 | H56: DBONHAM@K12ALBEMARLE.ORG | I56: Darah | J56: Bonham | K56: Classroom Teacher
A57: CY6005301-Joshua McElheny | B57: Agnor-Hurt Elementary School | C57: 000330 | D57: Patricia | E57: Ruemmler | F57: 2202HR | G57: 008651 | H57: lkeys@k12albemarle.org | I57: Barbara | J57: Keys | K57: Classroom Teacher
A58: CY6010685-Katherine Noona | B58: Agnor-Hurt Elementary School | C58: 000363 | D58: Brian | E58: Nagel | F58: 2202HR | G58: 005736 | H58: lkeys@k12albemarle.org | I58: Barbara | J58: Keys | K58: Classroom Teacher
A59: CY6303906-Katherine Stevey | B59: Agnor-Hurt Elementary School | C59: 000458 | D59: Stefanie | E59: Herbert | F59: 2202HR | G59: BS6WVAX5C | H59: wschaffer@k12albemarle.org | I59: William | J59: Schaffer | K59: Classroom Teacher
A60: CY6014781-Kathleen Hicks | B60: Agnor-Hurt Elementary School | C60: 000580 | D60: Erica | E60: Thorsen | F60: 2202HR | G60: BS6WVAX5C | H60: wschaffer@k12albemarle.org | I60: William | J60: Schaffer | K60: Classroom Teacher
A61: CY6302591-Kaylin Brown | B61: Agnor-Hurt Elementary School | C61: 000668 | D61: Kevin | E61: Huff | F61: 2202HR | G61: 26WRUKMG7 | H61: cmurray@k12albemarle.org | I61: Camona | J61: Murray | K61: Classroom Teacher
A62: CY6006376-Kimberly Eaton | B62: Agnor-Hurt Elementary School | C62: 000702 | D62: Emily | E62: Tomko | F62: 2202HR | G62: 008651 | H62: cmurray@k12albemarle.org | I62: Camona | J62: Murray | K62: Classroom Teacher
A63: CY6008271-Kristen Schlegel | B63: Agnor-Hurt Elementary School | C63: 000783 | D63: Michael | E63: Farabaugh | F63: 2202HR | G63: 26WRUKMG7 | H63: DBONHAM@K12ALBEMARLE.ORG | I63: Darah | J63: Bonham | K63: Classroom Teacher
A64: CY6001693-Leora Brown-Petro | B64: Agnor-Hurt Elementary School | C64: 000784 | D64: Shawn | E64: Heron | F64: 2202HR | G64: 008651 | H64: KHOWARD@K12ALBEMARLE.ORG | I64: Katherine | J64: Howard | K64: Classroom Teacher
A65: CY6012500-Leslie Kelley-Genson | B65: Agnor-Hurt Elementary School | C65: 000925 | D65: Michael | E65: Przyuski | F65: 2202HR | G65: 012389 | H65: wschaffer@k12albemarle.org | I65: William | J65: Schaffer | K65: Classroom Teacher
A66: CY6002440-Leslie Puckett | B66: Agnor-Hurt Elementary School | C66: 001001 | D66: Jennifer | E66: MacDonald | F66: 2202HR | G66: 005736 | H66: DBONHAM@K12ALBEMARLE.ORG | I66: Darah | J66: Bonham | K66: Classroom Teacher
A67: CY6014176-Liliana Galvez | B67: Agnor-Hurt Elementary School | C67: 001032 | D67: Buffie | E67: Holley | F67: 2202HR | G67: BS6WVAX5C | H67: cmurray@k12albemarle.org | I67: Camona | J67: Murray | K67: Classroom Teacher
... A399: CY6014131-Sean Rizvic | B399: Burley Middle School | C399: 014954 | D399: Micah | E399: Schultz | F399: 2229HR | G399: 002754 | H399: CRATLIFF@K12ALBEMARLE.ORG | I399: Chad | J399: Ratliff | K399: Classroom Teacher
A400: CY6014013-Selena Shifflett | B400: Burley Middle School
A401: CY6005584-Shanika Curry | B401: Burley Middle School | C401: 302828 | D401: John | E401: Lyon | F401: 2229HR | G401: 002754 | H401: CRATLIFF@K12ALBEMARLE.ORG | I401: Chad | J401: Ratliff | K401: Classroom Teacher
A402: CY6013131-Sharon Hall | B402: Burley Middle School | C402: 000287 | D402: Lars | E402: Holmstrom | F402: 2218HR | G402: 003494 | H402: SENGLAND@K12ALBEMARLE.ORG | I402: Staci | J402: England | K402: Classroom Teacher
A403: CY6002457-Shonda Riddick | B403: Burley Middle School | C403: 000944 | D403: John | E403: Baran | F403: 2218HR | G403: 003494 | H403: SENGLAND@K12ALBEMARLE.ORG | I403: Staci | J403: England | K403: Classroom Teacher
A404: CY6012687-Sindhura Vadlamani | B404: Burley Middle School | C404: 001335 | D404: Julia | E404: Stavitski | F404: 2218HR | G404: 003494 | H404: SENGLAND@K12ALBEMARLE.ORG | I404: Staci | J404: England | K404: Classroom Teacher
A405: CY6003426-Susan Scofield | B405: Burley Middle School | C405: 001537 | D405: Virginia | E405: Elgort | F405: 2218HR | G405: 003494 | H405: SENGLAND@K12ALBEMARLE.ORG | I405: Staci | J405: England | K405: Classroom Teacher
A406: CY6302703-Timothy Jenson | B406: Burley Middle School | C406: 001759 | D406: Kristen | E406: Wilson | F406: 2218HR | G406: 003494 | H406: SENGLAND@K12ALBEMARLE.ORG | I406: Staci | J406: England | K406: Classroom Teacher
A407: CY6009945-Tyler Cersley | B407: Burley Middle School | C407: 002420 | D407: Dustin | E407: West | F407: 2218HR | G407: 003494 | H407: SENGLAND@K12ALBEMARLE.ORG | I407: Staci | J407: England | K407: Classroom Teacher
A408: CY6013776-Val Thompson | B408: Burley Middle School | C408: 003932 | D408: Ida | E408: Craddock | F408: 2218HR | G408: 003494 | H408: SENGLAND@K12ALBEMARLE.ORG | I408: Staci | J408: England | K408: Classroom Teacher
A409: CY6009717-Erin English | B409: Center for Learning & Growth | C409: 004875 | D409: John | E409: Worozbyt | F409: 2218HR | G409: 003494 | H409: SENGLAND@K12ALBEMARLE.ORG | I409: Staci | J409: England | K409: Classroom Teacher
A410: CY6006049-Jennifer Middlesworth | B410: Center for Learning & Growth | C410: 005375 | D410: Don | E410: Barnes | F410: 2218HR | G410: 003494 | H410: SENGLAND@K12ALBEMARLE.ORG | I410: Staci | J410: England | K410: Classroom Teacher
A411: CY6007545-Milissa Weathers | B411: Center for Learning & Growth | C411: 006431 | D411: Dominique | E411: Morse | F411: 2218HR | G411: 003494 | H411: SENGLAND@K12ALBEMARLE.ORG | I411: Staci | J411: England | K411: Classroom Teacher
A412: CY6303646-Natanel Magid | B412: Center for Learning & Growth | C412: 009143 | D412: Christopher | E412: Stanek | F412: 2218HR | G412: 003494 | H412: SENGLAND@K12ALBEMARLE.ORG | I412: Staci | J412: England | K412: Classroom Teacher
... A422: CY6000944-John Baran | B422: Community Lab School | C422: 301073 | D422: Erin | E422: Beaver | F422: 2218HR | G422: 003494 | H422: SENGLAND@K12ALBEMARLE.ORG | I422: Staci | J422: England | K422: Classroom Teacher
A423: CY6004875-John Worozbyt | B423: Community Lab School
A424: CY6013770-Jonathan Bryant | B424: Community Lab School | C424: 000354 | D424: Barbara | E424: Huneycutt | F424: 2209HR | G424: 005606 | H424: SENGLAND@K12ALBEMARLE.ORG | I424: Staci | J424: England | K424: Classroom Teacher
A425: CY6001335-Julia Stavitski | B425: Community Lab School | C425: 000479 | D425: Anne | E425: James | F425: 2209HR | G425: 005606 | H425: SENGLAND@K12ALBEMARLE.ORG | I425: Staci | J425: England | K425: Classroom Teacher
A426: CY6001759-Kristen Wilson | B426: Community Lab School | C426: 000692 | D426: Brandy | E426: Garbaccio | F426: 2209HR | G426: 005606 | H426: SENGLAND@K12ALBEMARLE.ORG | I426: Staci | J426: England | K426: Classroom Teacher
A427: CY6000287-Lars Holmstrom | B427: Community Lab School | C427: 001693 | D427: Leora | E427: Brown-Petro | F427: 2209HR | G427: 005606 | H427: SENGLAND@K12ALBEMARLE.ORG | I427: Staci | J427: England | K427: Classroom Teacher
A428: CY6013190-Laurel Slatoff | B428: Community Lab School | C428: 002029 | D428: Tamara | E428: Williams | F428: 2209HR | G428: 005606 | H428: SENGLAND@K12ALBEMARLE.ORG | I428: Staci | J428: England | K428: Classroom Teacher
A429: CY6001918-Lisa Haney | B429: Community Lab School | C429: 002065 | D429: Tracy | E429: Brown | F429: 2209HR | G429: 005606 | H429: SENGLAND@K12ALBEMARLE.ORG | I429: Staci | J429: England | K429: Classroom Teacher
A430: CY6014299-Mary Jo Hollis | B430: Community Lab School | C430: 002075 | D430: Lora | E430: Phillips | F430: 2209HR | G430: 005606 | H430: SENGLAND@K12ALBEMARLE.ORG | I430: Staci | J430: England | K430: Classroom Teacher
A431: CY6005669-Rachael Clarke | B431: Community Lab School | C431: 003875 | D431: Candace | E431: Farrar | F431: 2209HR | G431: 005606 | H431: SENGLAND@K12ALBEMARLE.ORG | I431: Staci | J431: England | K431: Classroom Teacher
A432: CY6013786-Rebecca Hostetter | B432: Community Lab School | C432: 004254 | D432: Katherine | E432: Hamel | F432: 2209HR | G432: 005606 | H432: SENGLAND@K12ALBEMARLE.ORG | I432: Staci | J432: England | K432: Classroom Teacher
A433: CY6014702-Rebecca Martinez Avila | B433: Community Lab School | C433: 004305 | D433: Anne | E433: Herndon | F433: 2209HR | G433: 005606 | H433: SENGLAND@K12ALBEMARLE.ORG | I433: Staci | J433: England | K433: Classroom Teacher
A434: CY6010523-Tal Thompson | B434: Community Lab School | C434: 004566 | D434: Leslie | E434: Fendley | F434: 2209HR | G434: 005606 | H434: SENGLAND@K12ALBEMARLE.ORG | I434: Staci | J434: England | K434: Classroom Teacher
A435: CY6001537-Virginia Elgort | B435: Community Lab School | C435: 004635 | D435: Caitlin | E435: Poole | F435: 2209HR | G435: 005606 | H435: SENGLAND@K12ALBEMARLE.ORG | I435: Staci | J435: England | K435: Classroom Teacher
... A511: CY6007949-Hannah Handrich | B511: Greer Elementary School | C511: XZH015154 | D511: Browne | E511: Joyce | F511: 2211HR | G511: 003573 | H511: cbgallihugh@k12albemarle.org | I511: Crystal | J511: Beasley-Gallihugh | K511: Classroom Teacher
A512: CY6300979-Jana Bailey | B512: Greer Elementary School | C512: 015160 | D512: =RIGHT(A512, 5) -> ailey | E512: Lewis | F512: 2211HR | G512: 003573 | H512: lensley@k12albemarle.org | I512: LaRuth | J512: Ensley | K512: Classroom Teacher
A513: CY6005549-Jay Kolbrener | B513: Greer Elementary School | C513: 300319 | D513: =RIGHT(A513, 5) -> rener | E513: Dreher | F513: 2211HR | G513: 003573 | H513: mcombs@k12albemarle.org | I513: Michael | J513: Combs | K513: Classroom Teacher
A514: CY6000650-Jean Flaherty | B514: Greer Elementary School | C514: 300428 | D514: Catherine | E514: Noel | F514: 2211HR | G514: 003573 | H514: lensley@k12albemarle.org | I514: LaRuth | J514: Ensley | K514: Classroom Teacher
A515: CY6001165-Jennifer Henry | B515: Greer Elementary School
A516: CY6008416-Jessica Navarro | B516: Greer Elementary School
A517: CY6015154-Joyce Browne | B517: Greer Elementary School
A518: CY6009629-Julia Meyer | B518: Greer Elementary School
A519: CY6014915-Katherine Kennedy | B519: Greer Elementary School
A520: CY6012514-Kimberly Rieder | B520: Greer Elementary School | C520: 300643 | D520: Lauren | E520: Sammon | F520: 2211HR | G520: 003573 | H520: cbgallihugh@k12albemarle.org | I520: Crystal | J520: Beasley-Gallihugh | K520: Classroom Teacher
A521: CY6300643-Lauren Sammon | B521: Greer Elementary School | C521: 300979 | D521: Jana | E521: Bailey | F521: 2211HR | G521: 003573 | H521: mcombs@k12albemarle.org | I521: Michael | J521: Combs | K521: Classroom Teacher
A522: CY6302875-Lena Malcolm | B522: Greer Elementary School | C522: 301122 | D522: Alexandra | E522: Petras | F522: 2211HR | G522: 003573 | H522: lensley@k12albemarle.org | I522: LaRuth | J522: Ensley | K522: Classroom Teacher
A523: CY6003435-Lily Williams | B523: Greer Elementary School | C523: 301152 | D523: Andrea | E523: Clements | F523: 2211HR | G523: 003573 | H523: mcombs@k12albemarle.org | I523: Michael | J523: Combs | K523: Classroom Teacher
A524: CY6007876-Lori Alridge | B524: Greer Elementary School | C524: 302535 | D524: Measia | E524: Fenn | F524: 2211HR | G524: 003573 | H524: lensley@k12albemarle.org | I524: LaRuth | J524: Ensley | K524: Classroom Teacher
A525: CY6302572-Madeline Nooter | B525: Greer Elementary School | C525: 302567 | D525: Mallory | E525: Asaturian | F525: 2211HR | G525: 003573 | H525: mcombs@k12albemarle.org | I525: Michael | J525: Combs | K525: Classroom Teacher
A526: CY6300319-Madelyn Dreher | B526: Greer Elementary School | C526: 302572 | D526: Madeline | E526: Nooter | F526: 2211HR | G526: 003573 | H526: lensley@k12albemarle.org | I526: LaRuth | J526: Ensley | K526: Classroom Teacher
A527: CY6302567-Mallory Asaturian | B527: Greer Elementary School | C527: 302817 | D527: Grace | E527: Griffin | F527: 2211HR | G527: 003573 | H527: lensley@k12albemarle.org | I527: LaRuth | J527: Ensley | K527: Classroom Teacher
A528: CY6303864-Margaret Hill | B528: Greer Elementary School | C528: 302875 | D528: Lena | E528: Malcolm | F528: 2211HR | G528: 003573 | H528: lensley@k12albemarle.org | I528: LaRuth | J528: Ensley | K528: Classroom Teacher
A529: CY6008822-Marjorie De Boer | B529: Greer Elementary School | C529: 000171 | D529: Pamela | E529: Koury | F529: 2212HR | G529: 013807 | H529: mcombs@k12albemarle.org | I529: Michael | J529: Combs | K529: Classroom Teacher
A530: CY6003547-Mary Bajikar | B530: Greer Elementary School | C530: 000285 | D530: Darcy | E530: Vale | F530: 2212HR | G530: 013807 | H530: cbgallihugh@k12albemarle.org | I530: Crystal | J530: Beasley-Gallihugh | K530: Classroom Teacher
A531: CY6007101-Meaghan Craddock | B531: Greer Elementary School | C531: 000450 | D531: Kristen | E531: Lancaster | F531: 2212HR | G531: 001626 | H531: cbgallihugh@k12albemarle.org | I531: Crystal | J531: Beasley-Gallihugh | K531: Classroom Teacher
... A557: CY6009921-Clifton Evancho | B557: Henley Middle School | C557: 007153 | D557: Eliese | E557: Zawacki | F557: 2212HR | G557: 013807 | H557: cbgallihugh@k12albemarle.org | I557: Crystal | J557: Beasley-Gallihugh | K557: Classroom Teacher
A558: CY6002385-Clifton Wright | B558: Henley Middle School
A559: CY6003145-Dana Snead | B559: Henley Middle School
A560: CY6000285-Darcy Vale | B560: Henley Middle School
A561: CY6303340-Deion Nabors | B561: Henley Middle School | C561: 008636 | D561: Jeffrey | E561: Melton | F561: 2212HR | G561: 001626 | H561: cbgallihugh@k12albemarle.org | I561: Crystal | J561: Beasley-Gallihugh | K561: Classroom Teacher
A562: CY6007153-Eliese Zawacki | B562: Henley Middle School | C562: 008709 | D562: Monica | E562: Laux | F562: 2212HR | G562: 001194 | H562: mcombs@k12albemarle.org | I562: Michael | J562: Combs | K562: Classroom Teacher
A563: CY6004230-Elizabeth Sweatman | B563: Henley Middle School | C563: 008736 | D563: Karen | E563: Ackerman | F563: 2212HR | G563: 001194 | H563: lensley@k12albemarle.org | I563: LaRuth | J563: Ensley | K563: Classroom Teacher
A564: CY6011922-Elizabeth Vaughn-Childs | B564: Henley Middle School | C564: 008765 | D564: William | E564: Timmons | F564: 2212HR | G564: 001626 | H564: lensley@k12albemarle.org | I564: LaRuth | J564: Ensley | K564: Classroom Teacher
A565: CY6010458-Eric Struzik | B565: Henley Middle School | C565: 009705 | D565: Brian | E565: Eberly | F565: 2212HR | G565: 001194 | H565: lensley@k12albemarle.org | I565: LaRuth | J565: Ensley | K565: Classroom Teacher
A566: CY6001533-Eric Strzepek | B566: Henley Middle School | C566: 009805 | D566: Kristin | E566: Berrang | F566: 2212HR | G566: 001626 | H566: cbgallihugh@k12albemarle.org | I566: Crystal | J566: Beasley-Gallihugh | K566: Classroom Teacher
A567: CY6014693-Haley Hall | B567: Henley Middle School | C567: 009921 | D567: Clifton | E567: Evancho | F567: 2212HR | G567: 001626 | H567: lensley@k12albemarle.org | I567: LaRuth | J567: Ensley | K567: Classroom Teacher
A568: CY6001636-Holly French | B568: Henley Middle School | C568: 010096 | D568: Andrew | E568: West | F568: 2212HR | G568: 013807 | H568: sprovines@k12albemarle.org | I568: Stephanie | J568: Provines | K568: Classroom Teacher
A569: CY6302944-Hunter Nunley | B569: Henley Middle School | C569: 010250 | D569: Lisa | E569: Schropp | F569: 2212HR | G569: 001194 | H569: jmccauley@k12albemarle.org | I569: Joseph | J569: McCauley | K569: Classroom Teacher
A570: CY6008636-Jeffrey Melton | B570: Henley Middle School | C570: 010458 | D570: Eric | E570: Struzik | F570: 2212HR | G570: 001626 | H570: jmccauley@k12albemarle.org | I570: Joseph | J570: McCauley | K570: Classroom Teacher
A571: CY6003809-Jeffrey Toms | B571: Henley Middle School | C571: 010545 | D571: Amber | E571: Schwalm | F571: 2212HR | G571: 001626 | H571: jmccauley@k12albemarle.org | I571: Joseph | J571: McCauley | K571: Classroom Teacher
A572: CY6015325-Jennifer Page | B572: Henley Middle School | C572: 010743 | D572: Mary | E572: McLachlan | F572: 2212HR | G572: 001626 | H572: jmccauley@k12albemarle.org | I572: Joseph | J572: McCauley | K572: Classroom Teacher
... A634: CY6008730-Marla Grubb | B634: Hollymead Elementary School | C634: 303031 | D634: Elise | E634: Mozeleski | F634: 2213HR | G634: 014918 | H634: AJOHNSON@K12ALBEMARLE.ORG | I634: Laura | J634: Johnson | K634: Classroom Teacher
A635: CY6010470-Megan Kopley | B635: Hollymead Elementary School
A636: CY6000148-Molly Foster | B636: Hollymead Elementary School | C636: 002901 | D636: Amber | E636: Roberts | F636: 2111HR | G636: 012311 | H636: AJOHNSON@K12ALBEMARLE.ORG | I636: Laura | J636: Johnson | K636: Classroom Teacher
...
